Workbook

Sheet 総括表
B1: 令和4年度 財政状況資料集
B2: 総括表（市町村）
B3: 都道府県名 | L3: 群馬県 | W3: 市町村類型 | AC3: Ⅱ－２ | AM3: 指定団体等の指定状況 | AY3: 区分 | BN3: 令和4年度(千円) | BV3: 令和3年度(千円) | CD3: 区分 | CT3: 令和4年度(千円･％) | DB3: 令和3年度(千円･％)
AY4: 歳入総額 | BN4: 6590789 | BV4: 6173923 | CD4: 実質収支比率 | CT4: 3.6 | DB4: 3.9
AM5: 財政健全化等 | AU5: × | AY5: 歳出総額 | BN5: 6484350 | BV5: 6002953 | CD5: 経常収支比率 | CT5: 87.3 | DB5: 86.6
B6: 市町村名 | L6: 草津町 | W6: 地方交付税種地 | AC6: 2-1 | AM6: 財源超過 | AU6: × | AY6: 歳入歳出差引 | BN6: 106439 | BV6: 170970 | CD6: (※1) | CT6: 89.2 | DB6: 93.5
AM7: 首都 | AU7: × | AY7: 翌年度に繰越すべき財源 | BN7: 11884 | BV7: 63798 | CD7: 標準財政規模 | CT7: 2635749 | DB7: 2726940
AM8: 近畿 | AU8: × | AY8: 実質収支 | BN8: 94555 | BV8: 107172 | CD8: 財政力指数 | CT8: 0.61 | DB8: 0.65
B9: 人口 | L9: 令和2年国調(人) | R9: 6049 | W9: 産業構造 (※5) | AM9: 中部 | AU9: × | AY9: 単年度収支 | BN9: -12617 | BV9: -39099 | CD9: 公債費負担比率 | CT9: 7.6 | DB9: 10.6
L10: 平成27年国調(人) | R10: 6518 | AM10: 過疎 | AU10: × | AY10: 積立金 | BN10: 491541 | BV10: 771539 | CD10: 健全化判断比率
L11: 増減率 (％) | R11: -7.2 | AM11: 山振 | AU11: × | AY11: 繰上償還金 | BN11: 0 | BV11: 0 | CD11: 実質赤字比率 | CT11: - | DB11: -
B12: 住民基本台帳人口 (※7) | L12: 令05.01.01(人) | R12: 6082 | W12: 区分 | AC12: 令和2年国調 | AH12: 平成27年国調 | AM12: 低開発 | AU12: × | AY12: 積立金取崩し額 | BN12: 439000 | BV12: 527000 | CD12: 連結実質赤字比率 | CT12: - | DB12: -
M13: うち日本人(人) | R13: 5695 | W13: 第1次 | AC13: 36 | AH13: 42 | AM13: 指数表選定 | AU13: ○ | AY13: 実質単年度収支 | BN13: 39924 | BV13: 205440 | CD13: 実質公債費比率 | CT13: 4 | DB13: 4.2
L14: 令04.01.01(人) | R14: 6152 | AC14: 1.1 | AH14: 1.1 | CD14: 将来負担比率 | CT14: - | DB14: -
M15: うち日本人(人) | R15: 5849 | W15: 第2次 | AC15: 245 | AH15: 304 | AY15: 基準財政収入額 | BN15: 1295842 | BV15: 1269513 | CD15: 資金不足比率 (※4)
L16: 増減率 (％) | R16: -1.1 | AC16: 7.6 | AH16: 8.2 | AY16: 基準財政需要額 | BN16: 2200984 | BV16: 2138346
M17: うち日本人(％) | R17: -2.6 | W17: 第3次 | AC17: 2952 | AH17: 3356 | AY17: 標準税収入額等 | BN17: 1669064 | BV17: 1635682
B18: 面積 (k㎡) | L18: 49.75 | AC18: 91.3 | AH18: 90.7 | AY18: 経常経費充当一般財源等 | BN18: 2540940 | BV18: 2612824
B19: 人口密度 (人/k㎡) | L19: 122 | AY19: 歳入一般財源等 | BN19: 4032280 | BV19: 4098168
B20: 世帯数 (世帯) | L20: 3229
B21: 職員の状況 (※8)
B22: 特別職等 | E22: 区分 | L22: 定数 | Q22: 1人あたり平均 給料月額(百円) | W22: 一般職員等(※6) | Z22: 区分 | AH22: 職員数 (人) | AM22: 給料月額 (百円) | AS22: 1人あたり平均 給料月額(百円) | AY22: 地方債現在高 | BN22: 3185052 | BV22: 3361563
AY23: うち公的資金 | BN23: 3129664 | BV23: 3287973
E24: 市区町村長 | L24: 1 | Q24: 7650 | Z24: 一般職員 | AH24: 90 | AM24: 268200 | AS24: 2980 | AY24: 地方債現在高（臨時財政対策債除き） | BN24: 807904 | BV24: 833815
E25: 副市区町村長 | L25: 1 | Q25: 6340 | Z25: うち消防職員 | AH25: - | AM25: - | AS25: - | AY25: 債務負担行為額（支出予定額） | BN25: 7932 | BV25: 9838
E26: 教育長 | L26: 1 | Q26: 5800 | Z26: うち技能労務職員 | AH26: - | AM26: - | AS26: - | AY26: 収益事業収入 | BN26: - | BV26: -
E27: 議会議長 | L27: 1 | Q27: 3000 | Z27: 教育公務員 | AH27: - | AM27: - | AS27: - | AY27: 土地開発基金現在高 | BN27: - | BV27: -
E28: 議会副議長 | L28: 1 | Q28: 2450 | Z28: 臨時職員 | AH28: - | AM28: - | AS28: - | AY28: 積立金 現在高 | BC28: 財政調整基金 | BN28: 2461821 | BV28: 2349280
E29: 議会議員 | L29: 10 | Q29: 2250 | Z29: 合計 | AH29: 90 | AM29: 268200 | AS29: 2980 | BC29: 減債基金 | BN29: 241045 | BV29: 91045
W30: ラスパイレス指数 | AH30: 95.8 | BC30: その他特定目的基金 | BN30: 2824196 | BV30: 2500547
C32: 一般会計等の一覧 | U32: 事業会計の一覧 | AM32: 公営企業（法適）の一覧 | BE32: 公営企業（法非適）の一覧 | BW32: 関係する一部事務組合等一覧 | CO32: 地方公社・第三セクター等一覧
C33: 項番 | E33: 会計名 | U33: 項番 | W33: 会計名 | AM33: 項番 | AO33: 会計名 | BE33: 項番 | BG33: 会計名 | BW33: 項番 | BY33: 組合等名 | CO33: 項番 | CQ33: 団体名 | DG33: (※3)
C34: =IF(E34="","",1) -> 1 | E34: =IF('各会計、関係団体の財政状況及び健全化判断比率'!B7="","",'各会計、関係団体の財政状況及び健全化判断比率'!B7) -> 一般会計 | U34: =IF(W34="","",MAX(C34:D43)+1) -> 2 | W34: =IF('各会計、関係団体の財政状況及び健全化判断比率'!B28="","",'各会計、関係団体の財政状況及び健全化判断比率'!B28) -> 国民健康保険特別会計 | AM34: =IF(AO34="","",MAX(C34:D43,U34:V43)+1) -> 5 | AO34: =IF('各会計、関係団体の財政状況及び健全化判断比率'!B31="","",'各会計、関係団体の財政状況及び健全化判断比率'!B31) -> 水道事業会計 | BE34: =IF(BG34="","",MAX(C34:D43,U34:V43,AM34:AN43)+1) -> 8 | BG34: =IF('各会計、関係団体の財政状況及び健全化判断比率'!B34="","",'各会計、関係団体の財政状況及び健全化判断比率'!B34) -> 公共下水道事業特別会計 | BW34: =IF(BY34="","",MAX(C34:D43,U34:V43,AM34:AN43,BE34:BF43)+1) -> 10 | BY34: =IF('各会計、関係団体の財政状況及び健全化判断比率'!B68="","",'各会計、関係団体の財政状況及び健全化判断比率'!B68) -> 吾妻広域町村圏振興整備組合（一般会計） | CO34: =IF(CQ34="","",MAX(C34:D43,U34:V43,AM34:AN43,BE34:BF43,BW34:BX43)+1) -> 19 | CQ34: =IF('各会計、関係団体の財政状況及び健全化判断比率'!BS7="","",'各会計、関係団体の財政状況及び健全化判断比率'!BS7) -> 草津観光公社 | DG34: =IF('各会計、関係団体の財政状況及び健全化判断比率'!BR7="","",'各会計、関係団体の財政状況及び健全化判断比率'!BR7)
C35: =IF(E35="","",C34+1) | E35: =IF('各会計、関係団体の財政状況及び健全化判断比率'!B8="","",'各会計、関係団体の財政状況及び健全化判断比率'!B8) | U35: =IF(W35="","",U34+1) -> 3 | W35: =IF('各会計、関係団体の財政状況及び健全化判断比率'!B29="","",'各会計、関係団体の財政状況及び健全化判断比率'!B29) -> 介護保険特別会計 | AM35: =IF(AO35="","",AM34+1) -> 6 | AO35: =IF('各会計、関係団体の財政状況及び健全化判断比率'!B32="","",'各会計、関係団体の財政状況及び健全化判断比率'!B32) -> 温泉温水供給事業会計 | BE35: =IF(BG35="","",BE34+1) -> 9 | BG35: =IF('各会計、関係団体の財政状況及び健全化判断比率'!B35="","",'各会計、関係団体の財政状況及び健全化判断比率'!B35) -> 前口簡易水道事業特別会計 | BW35: =IF(BY35="","",BW34+1) -> 11 | BY35: =IF('各会計、関係団体の財政状況及び健全化判断比率'!B69="","",'各会計、関係団体の財政状況及び健全化判断比率'!B69) -> 吾妻広域町村圏振興整備組合（病院事業） | CO35: =IF(CQ35="","",CO34+1) -> 20 | CQ35: =IF('各会計、関係団体の財政状況及び健全化判断比率'!BS8="","",'各会計、関係団体の財政状況及び健全化判断比率'!BS8) -> ザスパ | DG35: =IF('各会計、関係団体の財政状況及び健全化判断比率'!BR8="","",'各会計、関係団体の財政状況及び健全化判断比率'!BR8)
C36: =IF(E36="","",C35+1) | E36: =IF('各会計、関係団体の財政状況及び健全化判断比率'!B9="","",'各会計、関係団体の財政状況及び健全化判断比率'!B9) | U36: =IF(W36="","",U35+1) -> 4 | W36: =IF('各会計、関係団体の財政状況及び健全化判断比率'!B30="","",'各会計、関係団体の財政状況及び健全化判断比率'!B30) -> 後期高齢者医療特別会計 | AM36: =IF(AO36="","",AM35+1) -> 7 | AO36: =IF('各会計、関係団体の財政状況及び健全化判断比率'!B33="","",'各会計、関係団体の財政状況及び健全化判断比率'!B33) -> 千客万来事業会計 | BE36: =IF(BG36="","",BE35+1) | BW36: =IF(BY36="","",BW35+1) -> 12 | BY36: =IF('各会計、関係団体の財政状況及び健全化判断比率'!B70="","",'各会計、関係団体の財政状況及び健全化判断比率'!B70) -> 西吾妻衛生施設組合 | CO36: =IF(CQ36="","",CO35+1) | CQ36: =IF('各会計、関係団体の財政状況及び健全化判断比率'!BS9="","",'各会計、関係団体の財政状況及び健全化判断比率'!BS9) | DG36: =IF('各会計、関係団体の財政状況及び健全化判断比率'!BR9="","",'各会計、関係団体の財政状況及び健全化判断比率'!BR9)
C37: =IF(E37="","",C36+1) | E37: =IF('各会計、関係団体の財政状況及び健全化判断比率'!B10="","",'各会計、関係団体の財政状況及び健全化判断比率'!B10) | U37: =IF(W37="","",U36+1) | AM37: =IF(AO37="","",AM36+1) | BE37: =IF(BG37="","",BE36+1) | BW37: =IF(BY37="","",BW36+1) -> 13 | BY37: =IF('各会計、関係団体の財政状況及び健全化判断比率'!B71="","",'各会計、関係団体の財政状況及び健全化判断比率'!B71) -> 群馬県後期高齢者医療広域連合（一般会計） | CO37: =IF(CQ37="","",CO36+1) | CQ37: =IF('各会計、関係団体の財政状況及び健全化判断比率'!BS10="","",'各会計、関係団体の財政状況及び健全化判断比率'!BS10) | DG37: =IF('各会計、関係団体の財政状況及び健全化判断比率'!BR10="","",'各会計、関係団体の財政状況及び健全化判断比率'!BR10)
C38: =IF(E38="","",C37+1) | E38: =IF('各会計、関係団体の財政状況及び健全化判断比率'!B11="","",'各会計、関係団体の財政状況及び健全化判断比率'!B11) | U38: =IF(W38="","",U37+1) | AM38: =IF(AO38="","",AM37+1) | BE38: =IF(BG38="","",BE37+1) | BW38: =IF(BY38="","",BW37+1) -> 14 | BY38: =IF('各会計、関係団体の財政状況及び健全化判断比率'!B72="","",'各会計、関係団体の財政状況及び健全化判断比率'!B72) -> 群馬県後期高齢者医療広域連合（事業会計） | CO38: =IF(CQ38="","",CO37+1) | CQ38: =IF('各会計、関係団体の財政状況及び健全化判断比率'!BS11="","",'各会計、関係団体の財政状況及び健全化判断比率'!BS11) | DG38: =IF('各会計、関係団体の財政状況及び健全化判断比率'!BR11="","",'各会計、関係団体の財政状況及び健全化判断比率'!BR11)
C39: =IF(E39="","",C38+1) | E39: =IF('各会計、関係団体の財政状況及び健全化判断比率'!B12="","",'各会計、関係団体の財政状況及び健全化判断比率'!B12) | U39: =IF(W39="","",U38+1) | AM39: =IF(AO39="","",AM38+1) | BE39: =IF(BG39="","",BE38+1) | BW39: =IF(BY39="","",BW38+1) -> 15 | BY39: =IF('各会計、関係団体の財政状況及び健全化判断比率'!B73="","",'各会計、関係団体の財政状況及び健全化判断比率'!B73) -> 群馬県市町村総合事務組合 | CO39: =IF(CQ39="","",CO38+1) | CQ39: =IF('各会計、関係団体の財政状況及び健全化判断比率'!BS12="","",'各会計、関係団体の財政状況及び健全化判断比率'!BS12) | DG39: =IF('各会計、関係団体の財政状況及び健全化判断比率'!BR12="","",'各会計、関係団体の財政状況及び健全化判断比率'!BR12)
C40: =IF(E40="","",C39+1) | E40: =IF('各会計、関係団体の財政状況及び健全化判断比率'!B13="","",'各会計、関係団体の財政状況及び健全化判断比率'!B13) | U40: =IF(W40="","",U39+1) | AM40: =IF(AO40="","",AM39+1) | BE40: =IF(BG40="","",BE39+1) | BW40: =IF(BY40="","",BW39+1) -> 16 | BY40: =IF('各会計、関係団体の財政状況及び健全化判断比率'!B74="","",'各会計、関係団体の財政状況及び健全化判断比率'!B74) -> 群馬県市町村会館管理組合 | CO40: =IF(CQ40="","",CO39+1) | CQ40: =IF('各会計、関係団体の財政状況及び健全化判断比率'!BS13="","",'各会計、関係団体の財政状況及び健全化判断比率'!BS13) | DG40: =IF('各会計、関係団体の財政状況及び健全化判断比率'!BR13="","",'各会計、関係団体の財政状況及び健全化判断比率'!BR13)
C41: =IF(E41="","",C40+1) | E41: =IF('各会計、関係団体の財政状況及び健全化判断比率'!B14="","",'各会計、関係団体の財政状況及び健全化判断比率'!B14) | U41: =IF(W41="","",U40+1) | AM41: =IF(AO41="","",AM40+1) | BE41: =IF(BG41="","",BE40+1) | BW41: =IF(BY41="","",BW40+1) -> 17 | BY41: =IF('各会計、関係団体の財政状況及び健全化判断比率'!B75="","",'各会計、関係団体の財政状況及び健全化判断比率'!B75) -> 西吾妻福祉病院組合 | CO41: =IF(CQ41="","",CO40+1) | CQ41: =IF('各会計、関係団体の財政状況及び健全化判断比率'!BS14="","",'各会計、関係団体の財政状況及び健全化判断比率'!BS14) | DG41: =IF('各会計、関係団体の財政状況及び健全化判断比率'!BR14="","",'各会計、関係団体の財政状況及び健全化判断比率'!BR14)
C42: =IF(E42="","",C41+1) | E42: =IF('各会計、関係団体の財政状況及び健全化判断比率'!B15="","",'各会計、関係団体の財政状況及び健全化判断比率'!B15) | U42: =IF(W42="","",U41+1) | AM42: =IF(AO42="","",AM41+1) | BE42: =IF(BG42="","",BE41+1) | BW42: =IF(BY42="","",BW41+1) -> 18 | BY42: =IF('各会計、関係団体の財政状況及び健全化判断比率'!B76="","",'各会計、関係団体の財政状況及び健全化判断比率'!B76) -> 吾妻環境施設組合 | CO42: =IF(CQ42="","",CO41+1) | CQ42: =IF('各会計、関係団体の財政状況及び健全化判断比率'!BS15="","",'各会計、関係団体の財政状況及び健全化判断比率'!BS15) | DG42: =IF('各会計、関係団体の財政状況及び健全化判断比率'!BR15="","",'各会計、関係団体の財政状況及び健全化判断比率'!BR15)
C43: =IF(E43="","",C42+1) | E43: =IF('各会計、関係団体の財政状況及び健全化判断比率'!B16="","",'各会計、関係団体の財政状況及び健全化判断比率'!B16) | U43: =IF(W43="","",U42+1) | AM43: =IF(AO43="","",AM42+1) | BE43: =IF(BG43="","",BE42+1) | BW43: =IF(BY43="","",BW42+1) | BY43: =IF('各会計、関係団体の財政状況及び健全化判断比率'!B77="","",'各会計、関係団体の財政状況及び健全化判断比率'!B77) | CO43: =IF(CQ43="","",CO42+1) | CQ43: =IF('各会計、関係団体の財政状況及び健全化判断比率'!BS16="","",'各会計、関係団体の財政状況及び健全化判断比率'!BS16) | DG43: =IF('各会計、関係団体の財政状況及び健全化判断比率'!BR16="","",'各会計、関係団体の財政状況及び健全化判断比率'!BR16)
B46: （注釈） | E46: ※1：経常収支比率の( )内の数値は、「減収補塡債（特例分）」「猶予特例債」及び「臨時財政対策債」を除いて算出したものである。
E47: ※2：各会計の一覧は主な会計（10会計まで）を記載している。
E48: ※3：地方公共団体が損失補塡等を行っている出資法人で、健全化法の算出対象となっている団体については、「地方公社・第三セクター等」の団体名に○印を付与している。
E49: ※4：資金不足比率欄には、資金が不足している会計のみ記載している。
E50: ※5：産業構造の比率は、分母を就業人口総数とし、分類不能の産業を除いて算出。
E51: ※6：個人情報保護の観点から、対象となる職員数が1人又は2人の場合は、｢給料月額(百円)｣と｢一人当たり給料月額（百円）｣を｢アスタリスク（＊）｣としている。（その他、数値のない欄については、すべてハイフン（－）としている）。
E52: ※7：人口については、調査対象年度の1月1日現在の住民基本台帳に登載されている人口に基づいている。
E53: ※8：職員の状況については、令和4年度地方公務員給与実態調査に基づいている。

Sheet 普通会計の状況
DH1: 令和4年度 | DP1: 群馬県草津町
B2: (1) 普通会計の状況（市町村）
B3: 歳入の状況（単位 千円・％） | AP3: 地方税の状況（単位 千円・％） | CD3: 歳出の状況（単位 千円・％）
B4: 区分 | R4: 決算額 | Z4: 構成比 | AD4: 経常一般財源等 | AL4: 構成比 | AP4: 区分 | BG4: 収入済額 | BO4: 構成比 | BS4: 超過課税分 | CD4: 目的別歳出の状況（単位 千円・％）
B5: 地方税 | R5: 1801643 | Z5: 27.3 | AD5: 1677310 | AL5: 58.9 | AP5: 普通税 | BG5: 1478913 | BO5: 82.1 | BS5: 25611 | CD5: 区分 | CR5: 決算額 (A) | CZ5: 構成比 | DD5: (A)のうち普通建設事業費 | DQ5: (A)のうち充当一般財源等
B6: 地方譲与税 | R6: 23092 | Z6: 0.4 | AD6: 23092 | AL6: 0.8 | AP6: 法定普通税 | BG6: 1478913 | BO6: 82.1 | BS6: 25611 | CD6: 議会費 | CR6: 71543 | CZ6: 1.1 | DD6: - | DQ6: 71543
B7: 利子割交付金 | R7: 283 | Z7: 0 | AD7: 283 | AL7: 0 | AP7: 市町村民税 | BG7: 416854 | BO7: 23.1 | BS7: 25611 | CD7: 総務費 | CR7: 2240379 | CZ7: 34.6 | DD7: 54323 | DQ7: 1395246
B8: 配当割交付金 | R8: 3659 | Z8: 0.1 | AD8: 3659 | AL8: 0.1 | AP8: 個人均等割 | BG8: 24011 | BO8: 1.3 | BS8: - | CD8: 民生費 | CR8: 1078058 | CZ8: 16.6 | DD8: - | DQ8: 749258
B9: 株式等譲渡所得割交付金 | R9: 2767 | Z9: 0 | AD9: 2767 | AL9: 0.1 | AP9: 所得割 | BG9: 245781 | BO9: 13.6 | BS9: - | CD9: 衛生費 | CR9: 522726 | CZ9: 8.1 | DD9: 85713 | DQ9: 400938
B10: 分離課税所得割交付金 | R10: - | Z10: - | AD10: - | AL10: - | AP10: 法人均等割 | BG10: 133091 | BO10: 7.4 | BS10: 21713 | CD10: 労働費 | CR10: 8 | CZ10: 0 | DD10: - | DQ10: 8
B11: 地方消費税交付金 | R11: 186756 | Z11: 2.8 | AD11: 186756 | AL11: 6.6 | AP11: 法人税割 | BG11: 13971 | BO11: 0.8 | BS11: 3898 | CD11: 農林水産業費 | CR11: 18522 | CZ11: 0.3 | DD11: 2002 | DQ11: 12564
B12: ゴルフ場利用税交付金 | R12: 7701 | Z12: 0.1 | AD12: 7701 | AL12: 0.3 | AP12: 固定資産税 | BG12: 965513 | BO12: 53.6 | BS12: - | CD12: 商工費 | CR12: 1021356 | CZ12: 15.8 | DD12: 1500 | DQ12: 207351
B13: 特別地方消費税交付金 | R13: - | Z13: - | AD13: - | AL13: - | AP13: うち純固定資産税 | BG13: 960048 | BO13: 53.3 | BS13: - | CD13: 土木費 | CR13: 646074 | CZ13: 10 | DD13: 367446 | DQ13: 275274
B14: 自動車取得税交付金 | R14: 38 | Z14: 0 | AD14: 38 | AL14: 0 | AP14: 軽自動車税 | BG14: 20958 | BO14: 1.2 | BS14: - | CD14: 消防費 | CR14: 204302 | CZ14: 3.2 | DD14: 2980 | DQ14: 198662
B15: 軽油引取税交付金 | R15: - | Z15: - | AD15: - | AL15: - | AP15: 市町村たばこ税 | BG15: 75588 | BO15: 4.2 | BS15: - | CD15: 教育費 | CR15: 374869 | CZ15: 5.8 | DD15: 39056 | DQ15: 314584
B16: 自動車税環境性能割交付金 | R16: 2462 | Z16: 0 | AD16: 2462 | AL16: 0.1 | AP16: 鉱産税 | BG16: - | BO16: - | BS16: - | CD16: 災害復旧費 | CR16: - | CZ16: - | DD16: - | DQ16: -
B17: 法人事業税交付金 | R17: 21936 | Z17: 0.3 | AD17: 21936 | AL17: 0.8 | AP17: 特別土地保有税 | BG17: - | BO17: - | BS17: - | CD17: 公債費 | CR17: 306513 | CZ17: 4.7 | DD17: - | DQ17: 306513
B18: 地方特例交付金等 | R18: 1130 | Z18: 0 | AD18: 1130 | AL18: 0 | AP18: 法定外普通税 | BG18: - | BO18: - | BS18: - | CD18: 諸支出金 | CR18: - | CZ18: - | DD18: - | DQ18: -
B19: 個人住民税減収補塡特例交付金 | R19: 1130 | Z19: 0 | AD19: 1130 | AL19: 0 | AP19: 目的税 | BG19: 322730 | BO19: 17.9 | BS19: - | CD19: 前年度繰上充用金 | CR19: - | CZ19: - | DD19: - | DQ19: -
B20: 新型コロナウイルス感染症対策地方税減収補塡特別交付金 | R20: - | Z20: - | AD20: - | AL20: - | AP20: 法定目的税 | BG20: 322730 | BO20: 17.9 | BS20: - | CD20: 歳出合計 | CR20: 6484350 | CZ20: 100 | DD20: 553020 | DQ20: 3931941
B21: 地方交付税 | R21: 1113678 | Z21: 16.9 | AD21: 905476 | AL21: 31.8 | AP21: 入湯税 | BG21: 198397 | BO21: 11 | BS21: -
B22: 普通交付税 | R22: 905476 | Z22: 13.7 | AD22: 905476 | AL22: 31.8 | AP22: 事業所税 | BG22: - | BO22: - | BS22: - | CD22: 性質別歳出の状況（単位 千円・％）
B23: 特別交付税 | R23: 208202 | Z23: 3.2 | AD23: - | AL23: - | AP23: 都市計画税 | BG23: 124333 | BO23: 6.9 | BS23: - | CD23: 区分 | CR23: 決算額 | CZ23: 構成比 | DD23: 充当一般財源等 | DL23: 経常経費充当一般財源等 | DW23: 経常収支比率
B24: 震災復興特別交付税 | R24: - | Z24: - | AD24: - | AL24: - | AP24: 水利地益税等 | BG24: - | BO24: - | BS24: - | CD24: 義務的経費計 | CR24: 1542034 | CZ24: 23.8 | DD24: 1271212 | DL24: 1196239 | DW24: 41.1
B25: (一般財源計) | R25: 3165145 | Z25: 48 | AD25: 2832610 | AL25: 99.5 | AP25: 法定外目的税 | BG25: - | BO25: - | BS25: - | CD25: 人件費 | CR25: 861830 | CZ25: 13.3 | DD25: 829559 | DL25: 810893 | DW25: 27.9
B26: 交通安全対策特別交付金 | R26: 554 | Z26: 0 | AD26: 554 | AL26: 0 | AP26: 旧法による税 | BG26: - | BO26: - | BS26: - | CD26: うち職員給 | CR26: 505235 | CZ26: 7.8 | DD26: 485649 | DL26: - | DW26: -
B27: 分担金・負担金 | R27: 34750 | Z27: 0.5 | AD27: - | AL27: - | AP27: 合計 | BG27: 1801643 | BO27: 100 | BS27: 25611 | CD27: 扶助費 | CR27: 373691 | CZ27: 5.8 | DD27: 135140 | DL27: 78833 | DW27: 2.7
B28: 使用料 | R28: 49898 | Z28: 0.8 | AD28: 1163 | AL28: 0 | CD28: 公債費 | CR28: 306513 | CZ28: 4.7 | DD28: 306513 | DL28: 306513 | DW28: 10.5
B29: 手数料 | R29: 20987 | Z29: 0.3 | AD29: - | AL29: - | CD29: 内訳 | CF29: 元利償還金 | CR29: 306513 | CZ29: 4.7 | DD29: 306513 | DL29: 306513 | DW29: 10.5
B30: 国庫支出金 | R30: 429284 | Z30: 6.5 | AD30: - | AL30: - | AP30: 区分 | BG30: 令和4年度 | BR30: 令和3年度 | CF30: うち元金 | CR30: 296111 | CZ30: 4.6 | DD30: 296111 | DL30: 296111 | DW30: 10.2
B31: 国有提供交付金(特別区財調交付金) | R31: - | Z31: - | AD31: - | AL31: - | AP31: 徴収率 (％) | AT31: 現年 | AX31: 合計 | BG31: 98.7 | BM31: 96.4 | BR31: 98.3 | BX31: 94 | CF31: うち利子 | CR31: 10402 | CZ31: 0.2 | DD31: 10402 | DL31: 10402 | DW31: 0.4
B32: 都道府県支出金 | R32: 708158 | Z32: 10.7 | AD32: - | AL32: - | AU32: ・計 | AX32: 市町村民税 | BG32: 98.6 | BM32: 95.7 | BR32: 98.8 | BX32: 95.1 | CF32: 一時借入金利子 | CR32: - | CZ32: - | DD32: - | DL32: - | DW32: -
B33: 財産収入 | R33: 4772 | Z33: 0.1 | AD33: 4197 | AL33: 0.1 | AX33: 純固定資産税 | BG33: 98.5 | BM33: 95.7 | BR33: 97.6 | BX33: 92.4 | CD33: その他の経費 | CR33: 4389296 | CZ33: 67.7 | DD33: 2429809 | DL33: 1344701 | DW33: 46.2
B34: 寄附金 | R34: 764719 | Z34: 11.6 | AD34: - | AL34: - | CD34: 物件費 | CR34: 1480047 | CZ34: 22.8 | DD34: 770219 | DL34: 597082 | DW34: 20.5
B35: 繰入金 | R35: 1075566 | Z35: 16.3 | AD35: - | AL35: - | AQ35: 公営事業等への繰出 | BG35: 国民健康保険事業会計の状況 | CD35: 維持補修費 | CR35: 163847 | CZ35: 2.5 | DD35: 66025 | DL35: 66025 | DW35: 2.3
B36: 繰越金 | R36: 110970 | Z36: 1.7 | AD36: - | AL36: - | AQ36: 合計 | AZ36: 420628 | BG36: 実質収支 | BV36: 16874 | CD36: 補助費等 | CR36: 848747 | CZ36: 13.1 | DD36: 515638 | DL36: 438838 | DW36: 15.1
B37: 諸収入 | R37: 106386 | Z37: 1.6 | AD37: 9270 | AL37: 0.3 | AQ37: 病院 | AZ37: 79859 | BG37: 再差引収支 | BV37: 12990 | CD37: うち一部事務組合負担金 | CR37: 200724 | CZ37: 3.1 | DD37: 200724 | DL37: 198528 | DW37: 6.8
B38: 地方債 | R38: 119600 | Z38: 1.8 | AD38: - | AL38: - | AQ38: 上水道 | AZ38: 17774 | BG38: 加入世帯数(世帯) | BV38: 1023 | CD38: 繰出金 | CR38: 310233 | CZ38: 4.8 | DD38: 254305 | DL38: 242756 | DW38: 8.3
B39: うち減収補塡債(特例分) | R39: - | Z39: - | AD39: - | AL39: - | AQ39: 下水道 | AZ39: 15538 | BG39: 被保険者数(人) | BV39: 1477 | CD39: 積立金 | CR39: 1586422 | CZ39: 24.5 | DD39: 823622 | DL39: - | DW39: -
B40: うち臨時財政対策債 | R40: 61200 | Z40: 0.9 | AD40: - | AL40: - | AQ40: 観光施設 | AZ40: 12762 | BG40: 被保険者 1人当り | BM40: 保険税(料)収入額 | BV40: 103 | CD40: 投資・出資金・貸付金 | CR40: - | CZ40: - | DD40: - | DL40: - | DW40: -
B41: 歳入合計 | R41: 6590789 | Z41: 100 | AD41: 2847794 | AL41: 100 | AQ41: 国民健康保険 | AZ41: 70023 | BM41: 国庫支出金 | BV41: - | CD41: 前年度繰上充用金 | CR41: - | CZ41: - | DD41: -
AQ42: その他 | AZ42: 224672 | BM42: 保険給付費 | BV42: 296 | CD42: 投資的経費計 | CR42: 553020 | CZ42: 8.5 | DD42: 230920
B43: (注釈) | CD43: うち人件費 | CR43: 17871 | CZ43: 0.3 | DD43: 17871
B44: 普通建設事業費の補助事業費には受託事業費のうちの補助事業費を含み、 | CD44: 内訳 | CF44: 普通建設事業費 | CR44: 553020 | CZ44: 8.5 | DD44: 230920
B45: 単独事業費には同級他団体施行事業負担金及び受託事業費のうちの単独事業費を含む。 | CF45: うち補助 | CR45: 136359 | CZ45: 2.1 | DD45: 6505
CF46: うち単独 | CR46: 416661 | CZ46: 6.4 | DD46: 224415
CF47: 災害復旧事業費 | CR47: - | CZ47: - | DD47: -
CF48: 失業対策事業費 | CR48: - | CZ48: - | DD48: -
CD49: 歳出合計 | CR49: 6484350 | CZ49: 100 | DD49: 3931941

Sheet 各会計、関係団体の財政状況及び健全化判断比率
A2: (2)各会計、関係団体の財政状況及び健全化判断比率（市町村） | DJ2: 令和4年度 | DQ2: 群馬県草津町
A4: 一般会計等の財政状況（単位：百万円） | BQ4: 地方公社・第三セクター等の経営状況及び地方公共団体の財政的支援の状況（単位：百万円）
A5: 会計名 | Q5: 歳入 | V5: 歳出 | AA5: 形式収支 | AF5: 実質収支 | AK5: 他会計等 からの 繰入金 | AP5: 地方債 現在高 | AU5: 備考 | BQ5: 地方公社・第三セクター等名 | CH5: 経常損益 | CM5: 純資産又は 正味財産 | CR5: 当該団体 からの 出資金 | CW5: 当該団体 からの 補助金 | DB5: 当該団体 からの 貸付金 | DG5: 当該団体からの債務保証に係る債務残高 | DL5: 当該団体からの損失補償に係る債務残高 | DQ5: 一般会計等 負担見込額 | DV5: 備考
A7: 1 | B7: 一般会計 | Q7: 6596 | V7: 6489 | AA7: 108 | AF7: 96 | AK7: 1078 | AP7: 3185 | BQ7: 1 | BS7: 草津観光公社 | CH7: 106 | CM7: -42 | CR7: 136 | CW7: - | DB7: 293 | DG7: - | DL7: - | DQ7: -
A8: 2 | BQ8: 2 | BS8: ザスパ | CH8: - | CM8: - | CR8: 20 | CW8: - | DB8: - | DG8: - | DL8: - | DQ8: -
A9: 3 | BQ9: 3
A10: 4 | BQ10: 4
A11: 5 | BQ11: 5
A12: 6 | BQ12: 6
A13: 7 | BQ13: 7
A14: 8 | BQ14: 8
A15: 9 | BQ15: 9
A16: 10 | BQ16: 10
A17: 11 | BQ17: 11
A18: 12 | BQ18: 12
A19: 13 | BQ19: 13
A20: 14 | BQ20: 14
A21: 15 | BQ21: 15
A22: 16 | AZ22: 実質赤字額 | BQ22: 16
A23: 計 | B23: 一般会計等（純計） | Q23: 6596 | V23: 6489 | AA23: 108 | AF23: 96 | AP23: 3185 | AZ23: - | BQ23: 17
A24: ※一般会計等（純計）は、各会計の相互間の繰入・繰出等の重複を控除したものであり、各会計の合計と一致しない場合がある。 | BQ24: 18
A25: 公営企業会計等の財政状況（単位：百万円） | BQ25: 19
A26: 会計名 | Q26: 総収益 （歳入） | V26: 総費用 （歳出） | AA26: 純損益 （形式収支） | AF26: 資金剰余額 /不足額 （実質収支） | AK26: 他会計等 からの 繰入金 | AP26: 企業債 （地方債） 現在高 | AU26: 左のうち 一般会計等 繰入見込額 | AZ26: 資金不足 比率 | BE26: 備考 | BQ26: 20
BQ27: 21
A28: 1 | B28: 国民健康保険特別会計 | Q28: 689 | V28: 672 | AA28: 17 | AF28: 17 | AK28: 72 | AP28: - | AU28: - | AZ28: - | BQ28: 22
A29: 2 | B29: 介護保険特別会計 | Q29: 549 | V29: 529 | AA29: 21 | AF29: 21 | AK29: 93 | AP29: - | AU29: - | AZ29: - | BQ29: 23
A30: 3 | B30: 後期高齢者医療特別会計 | Q30: 133 | V30: 124 | AA30: 9 | AF30: 9 | AK30: 31 | AP30: - | AU30: - | AZ30: - | BQ30: 24
A31: 4 | B31: 水道事業会計 | Q31: 221 | V31: 173 | AA31: 48 | AF31: 802 | AK31: 1 | AP31: - | AU31: - | AZ31: - | BE31: 法適用企業 | BQ31: 25
A32: 5 | B32: 温泉温水供給事業会計 | Q32: 475 | V32: 402 | AA32: 73 | AF32: 1732 | AK32: 8 | AP32: - | AU32: - | AZ32: - | BE32: 法適用企業 | BQ32: 26
A33: 6 | B33: 千客万来事業会計 | Q33: 261 | V33: 177 | AA33: 84 | AF33: 976 | AK33: 10 | AP33: 123 | AU33: - | AZ33: - | BE33: 法適用企業 | BQ33: 27
A34: 7 | B34: 公共下水道事業特別会計 | Q34: 1011 | V34: 850 | AA34: 161 | AF34: 161 | AK34: 16 | AP34: 1164 | AU34: 598 | AZ34: - | BE34: 法非適用企業 | BQ34: 28
A35: 8 | B35: 前口簡易水道事業特別会計 | Q35: 6 | V35: 5 | AA35: 1 | AF35: 1 | AK35: 1 | AP35: 4 | AU35: - | AZ35: - | BE35: 法非適用企業 | BQ35: 29
A36: 9 | BQ36: 30
A37: 10 | BQ37: 31
A38: 11 | BQ38: 32
A39: 12 | BQ39: 33
A40: 13 | BQ40: 34
A41: 14 | BQ41: 35
A42: 15 | BQ42: 36
A43: 16 | BQ43: 37
A44: 17 | BQ44: 38
A45: 18 | BQ45: 39
A46: 19 | BQ46: 40
A47: 20 | BQ47: 41
... A61: 34 | BQ61: 55
A62: 35 | BJ62: 連結実質赤字額 | BQ62: 56
A63: 計 | B63: 公営企業会計等 | AF63: 3717 | AP63: 1290 | AU63: 598 | BJ63: - | BQ63: 57
BQ64: 58
A65: 関係する一部事務組合等の財政状況（単位：百万円） | BQ65: 59
A66: 一部事務組合等名 | Q66: 総収益 （歳入） | V66: 総費用 （歳出） | AA66: 純損益 （形式収支） | AF66: 資金剰余額 /不足額 （実質収支） | AK66: 他会計等 からの 繰入金 | AP66: 企業債 （地方債） 現在高 | AU66: 左のうち 一般会計等 負担見込額 | AZ66: 備考 | BQ66: 60
BQ67: 61
A68: 1 | B68: 吾妻広域町村圏振興整備組合（一般会計） | Q68: 1716 | V68: 1688 | AA68: 28 | AF68: 28 | AK68: 84 | AP68: 1069 | AU68: 98 | BQ68: 62
A69: 2 | B69: 吾妻広域町村圏振興整備組合（病院事業） | Q69: 59 | V69: 58 | AA69: 0 | AF69: 459 | AK69: 58 | AP69: - | AU69: - | BQ69: 63
A70: 3 | B70: 西吾妻衛生施設組合 | Q70: 102 | V70: 92 | AA70: 10 | AF70: 10 | AK70: - | AP70: - | AU70: - | BQ70: 64
A71: 4 | B71: 群馬県後期高齢者医療広域連合（一般会計） | Q71: 91 | V71: 85 | AA71: 5 | AF71: 5 | AK71: 5 | AP71: - | AU71: - | BQ71: 65
A72: 5 | B72: 群馬県後期高齢者医療広域連合（事業会計） | Q72: 258426 | V72: 253681 | AA72: 4745 | AF72: 4745 | AK72: 1906 | AP72: - | AU72: - | BQ72: 66
A73: 6 | B73: 群馬県市町村総合事務組合 | Q73: 4300 | V73: 3691 | AA73: 609 | AF73: 609 | AK73: 5 | AP73: - | AU73: - | BQ73: 67
A74: 7 | B74: 群馬県市町村会館管理組合 | Q74: 159 | V74: 134 | AA74: 24 | AF74: 24 | AK74: 9 | AP74: - | AU74: - | BQ74: 68
A75: 8 | B75: 西吾妻福祉病院組合 | Q75: 445 | V75: 392 | AA75: 54 | AF75: 245 | AK75: 451 | AP75: 1714 | AU75: 296 | BQ75: 69
A76: 9 | B76: 吾妻環境施設組合 | Q76: 22 | V76: 13 | AA76: 9 | AF76: 9 | AK76: - | AP76: - | AU76: - | BQ76: 70
A77: 10 | BQ77: 71
A78: 11 | BQ78: 72
A79: 12 | BQ79: 73
A80: 13 | BQ80: 74
A81: 14 | BQ81: 75
A82: 15 | BQ82: 76
A83: 16 | BQ83: 77
A84: 17 | BQ84: 78
A85: 18 | BQ85: 79
A86: 19 | BQ86: 80
A87: 20 | BQ87: 81
A88: 計 | B88: 一部事務組合等 | AF88: 6134 | AP88: 2783 | AU88: 394 | BQ88: 82
BQ89: 83
BQ90: 84
BQ91: 85
BQ92: 86
BQ93: 87
BQ94: 88
BQ95: 89
BQ96: 90
BQ97: 91
BQ98: 92
BQ99: 93
BQ100: 94
BQ101: 95
BQ102: 計 | BR102: 地方公社・第三セクター等 | CR102: 156 | CW102: - | DB102: 293 | DG102: - | DL102: - | DQ102: -
BQ103: ※地方公共団体が①25%以上出資している法人又は②財政支援を行っている法人を記載している。
BQ104: ※地方公共団体財政健全化法に基づき将来負担比率の算定対象となっている法人については、○印を付与している。
A107: 公債費負担の状況 | AU107: 将来負担の状況
A108: 実質公債費比率 （千円・％） | AU108: 将来負担比率 （千円・％）
A109: 区分 | AA109: 令和2年度 | AF109: 令和3年度 | AK109: 令和4年度 | AP109: 分母比 | AU109: 区分 | BQ109: 令和2年度 | BV109: 令和3年度 | CA109: 令和4年度 | CF109: 分母比 | CK109: 内訳 | DG109: 令和2年度 | DL109: 令和3年度 | DQ109: 令和4年度 | DV109: 分母比
A110: 元利償還金 | AA110: 319346 | AF110: 432369 | AK110: 306513 | AP110: 13 | AU110: 将来負担額 | AZ110: 一般会計等に係る地方債の現在高 | BQ110: 3529146 | BV110: 3361563 | CA110: 3185052 | CF110: 134.7 | CK110: 債務負担行為 | CM110: PFI事業に係るもの | DG110: - | DL110: - | DQ110: - | DV110: -
A111: 減債基金積立不足算定額 | AA111: - | AF111: - | AK111: - | AP111: - | AZ111: 債務負担行為に基づく支出予定額 | BQ111: 2671 | BV111: 2136 | CA111: 1602 | CF111: 0.1 | CM111: いわゆる五省協定等に係るもの | DG111: - | DL111: - | DQ111: - | DV111: -
A112: 準元利償還金 | C112: 満期一括償還地方債に係る年度割相当額 | AA112: - | AF112: - | AK112: - | AP112: - | AZ112: 公営企業債等繰入見込額 | BQ112: 238895 | BV112: 491007 | CA112: 598058 | CF112: 25.3 | CM112: 国営土地改良事業に係るもの | DG112: - | DL112: - | DQ112: - | DV112: -
C113: 公営企業債の元利償還金 に対する繰入金 | AA113: 15537 | AF113: 15538 | AK113: 25304 | AP113: 1.1 | AZ113: 組合等負担等見込額 | BQ113: 455002 | BV113: 431801 | CA113: 394369 | CF113: 16.7 | CM113: 森林総合研究所等が行う事業に係るもの | DG113: - | DL113: - | DQ113: - | DV113: -
C114: 組合等が起こした地方債の元利 償還金に対する負担金等 | AA114: 51406 | AF114: 53188 | AK114: 50723 | AP114: 2.1 | AZ114: 退職手当負担見込額 | BQ114: 1747300 | BV114: 1736786 | CA114: 1741668 | CF114: 73.6 | CM114: 地方公務員等共済組合に係るもの | DG114: - | DL114: - | DQ114: - | DV114: -
C115: 債務負担行為に基づく支出額（公債費に準ずるもの） | AA115: 568 | AF115: 563 | AK115: 557 | AP115: 0 | AZ115: 設立法人等の負債額等負担見込額 | BQ115: - | BV115: - | CA115: - | CF115: - | CM115: 依頼土地の買い戻しに係るもの | DG115: - | DL115: - | DQ115: - | DV115: -
C116: 一時借入金の利子 | AA116: - | AF116: - | AK116: - | AP116: - | AZ116: うち、健全化法施行規則附則第三条に係る負担見込額 | BQ116: - | BV116: - | CA116: - | CF116: - | CM116: 社会福祉法人の施設建設費に係るもの | DG116: 2671 | DL116: 2136 | DQ116: 1602 | DV116: 0.1
A117: 合計 | Y117: (Ａ) | AA117: 386857 | AF117: 501658 | AK117: 383097 | AZ117: 連結実質赤字額 | BQ117: - | BV117: - | CA117: - | CF117: - | CM117: 損失補償・債務保証の履行に係るもの | DG117: - | DL117: - | DQ117: - | DV117: -
A118: 内訳 | AA118: 令和2年度 | AF118: 令和3年度 | AK118: 令和4年度 | AP118: 分母比 | AZ118: 組合等連結実質赤字額負担見込額 | BQ118: - | BV118: - | CA118: - | CF118: - | CM118: 引き受けた債務の履行に係るもの | DG118: - | DL118: - | DQ118: - | DV118: -
...

Sheet 財政比較分析表 (2)

Sheet 経常経費分析表（経常収支比率の分析）

Sheet 経常経費分析表（人件費・公債費・普通建設事業費の分析）
A5: 人件費及び人件費に準ずる費用の分析
AK6: 人件費及び人件費に準ずる費用
AO7: 当該団体決算額 （千円） | AQ7: 人口1人当たり決算額
AP8: 当該団体（円） | AQ8: 類似団体平均（円） | AR8: 対比（％）
AK9: 人件費 | AO9: 861830 | AP9: 141702 | AQ9: 139150 | AR9: 1.8
AK10: 一部事務組合負担金（補助費等） | AO10: 139187 | AP10: 22885 | AQ10: 19663 | AR10: 16.4
AK11: 公営企業（法適）等に対する繰出し（補助費等） | AO11: 4308 | AP11: 708 | AQ11: 1097 | AR11: -35.5
AK12: 公営企業（法適）等に対する繰出し（投資及び出資金・貸付金） | AO12: - | AP12: - | AQ12: - | AR12: -
AK13: 公営企業（法非適）等に対する繰出し（繰出金） | AO13: 36205 | AP13: 5953 | AQ13: 5184 | AR13: 14.8
AK14: 事業費支弁に係る職員の人件費（投資的経費） | AO14: 17871 | AP14: 2938 | AQ14: 3143 | AR14: -6.5
AK15: ▲退職金 | AO15: -73550 | AP15: -12093 | AQ15: -11320 | AR15: 6.8
AK16: 合計 | AO16: 985851 | AP16: 162093 | AQ16: 156916 | AR16: 3.3
AK19: 参考
AO20: 当該団体 | AP20: 類似団体平均 | AQ20: 対比（差引）
AK21: 人口1,000人当たり職員数（人） | AO21: 14.8 | AP21: 13.85 | AQ21: 0.95
AK22: ラスパイレス指数 | AO22: 95.8 | AP22: 95.5 | AQ22: 0.3
A26: （注）人口については、各調査対象年度の1月1日現在の住民基本台帳に登載されている人口に基づいている。
A28: 公債費及び公債費に準ずる費用の分析
AK29: 公債費及び公債費に準ずる費用（実質公債費比率の構成要素）
AO30: 当該団体決算額 （千円） | AQ30: 人口1人当たり決算額
AP31: 当該団体（円） | AQ31: 類似団体平均（円） | AR31: 対比（％）
AK32: 元利償還金の額 （繰上償還額等を除く） | AO32: 306513 | AP32: 50397 | AQ32: 83132 | AR32: -39.4
AK33: 積立不足額を考慮して算定した額 | AO33: - | AP33: - | AQ33: - | AR33: -
AK34: 満期一括償還地方債の一年当たりの元金償還金に相当するもの （年度割相当額） | AO34: - | AP34: - | AQ34: - | AR34: -
AK35: 公営企業に要する経費の財源とする地方債の償還の財源に 充てたと認められる繰入金 | AO35: 25304 | AP35: 4160 | AQ35: 18852 | AR35: -77.9
AK36: 一部事務組合等の起こした地方債に充てたと認められる 補助金又は負担金 | AO36: 50723 | AP36: 8340 | AQ36: 4344 | AR36: 92
AK37: 公債費に準ずる債務負担行為に係るもの | AO37: 557 | AP37: 92 | AQ37: 1642 | AR37: -94.4
AK38: 一時借入金利子 （同一団体における会計間の現金運用に係る利子は除く） | AO38: - | AP38: - | AQ38: 19 | AR38: -
AK39: ▲特定財源の額 | AO39: -20512 | AP39: -3373 | AQ39: -4399 | AR39: -23.3
AK40: ▲地方債に係る元利償還金及び準元利償還金に要する経費として 普通交付税の額の算定に用いる基準財政需要額に算入された額 | AO40: -270705 | AP40: -44509 | AQ40: -69608 | AR40: -36.1
AK41: 合計 | AO41: 91880 | AP41: 15107 | AQ41: 33982 | AR41: -55.5
AK42: ※令和5年度中に市町村合併した団体で、合併前の団体ごとの決算に基づく実質公債費比率を算出していない団体については、グラフを表記しない。
A47: （参考） 普通建設事業費の分析
AK48: 普通建設事業費
AM49: 当該団体決算額 （千円） | AN49: 人口１人当たり決算額
AN50: 当該団体(円) | AO50: 増減率(%)(A) | AP50: 類似団体平均(円) | AQ50: 増減率(%)(B) | AR50: (A)-(B)
AK51: H30 | AM51: 689253 | AN51: 107377 | AO51: 28.4 | AP51: 121449 | AQ51: 4.6 | AR51: 23.8
AL52: うち単独分 | AM52: 380111 | AN52: 59217 | AO52: -13.7 | AP52: 62922 | AQ52: 2.2 | AR52: -15.9
AK53: R01 | AM53: 645216 | AN53: 101290 | AO53: -5.7 | AP53: 145139 | AQ53: 19.5 | AR53: -25.2
AL54: うち単独分 | AM54: 261357 | AN54: 41029 | AO54: -30.7 | AP54: 83762 | AQ54: 33.1 | AR54: -63.8
AK55: R02 | AM55: 739910 | AN55: 118728 | AO55: 17.2 | AP55: 125391 | AQ55: -13.6 | AR55: 30.8
AL56: うち単独分 | AM56: 225288 | AN56: 36150 | AO56: -11.9 | AP56: 68516 | AQ56: -18.2 | AR56: 6.3
AK57: R03 | AM57: 447228 | AN57: 72696 | AO57: -38.8 | AP57: 138402 | AQ57: 10.4 | AR57: -49.2
AL58: うち単独分 | AM58: 318379 | AN58: 51752 | AO58: 43.2 | AP58: 70652 | AQ58: 3.1 | AR58: 40.1
AK59: R04 | AM59: 553020 | AN59: 90927 | AO59: 25.1 | AP59: 146367 | AQ59: 5.8 | AR59: 19.3
AL60: うち単独分 | AM60: 416661 | AN60: 68507 | AO60: 32.4 | AP60: 79441 | AQ60: 12.4 | AR60: 20
AK61: 過去５年間平均 | AM61: 614925 | AN61: 98204 | AO61: 5.2 | AP61: 135350 | AQ61: 5.3 | AR61: -0.1
AL62: うち単独分 | AM62: 320359 | AN62: 51331 | AO62: 3.9 | AP62: 73059 | AQ62: 6.5 | AR62: -2.6

Sheet 性質別歳出決算分析表（住民一人当たりのコスト）

Sheet 目的別歳出決算分析表（住民一人当たりのコスト）

Sheet 実質収支比率等に係る経年分析
J45: 標準財政規模比（％）
B46: 区分 | E46: 年度 | F46: H30 | G46: R01 | H46: R02 | I46: R03 | J46: R04
C47: 財政調整基金残高 | F47: 74.79 | G47: 79.78 | H47: 81.65 | I47: 86.15 | J47: 93.4
C48: 実質収支額 | F48: 5.69 | G48: 5.07 | H48: 5.88 | I48: 3.93 | J48: 3.59
C49: 実質単年度収支 | F49: ▲ 2.20 | G49: 1.97 | H49: 4.17 | I49: 7.53 | J49: 1.51

Sheet 連結実質赤字比率に係る赤字・黒字の構成分析
J32: 標準財政規模比（％）
B33: 会計 | E33: 年度 | F33: H30 | G33: R01 | H33: R02 | I33: R03 | J33: R04
C34: 温泉温水供給事業会計 | F34: 59.97 | G34: 71.02 | H34: 72.14 | I34: 69.55 | J34: 65.69
C35: 千客万来事業会計 | F35: 32.91 | G35: 39.25 | H35: 33.1 | I35: 35 | J35: 37.01
C36: 水道事業会計 | F36: 35.24 | G36: 35.56 | H36: 31.07 | I36: 28.06 | J36: 30.43
C37: 公共下水道事業特別会計 | F37: 1.54 | G37: 3.23 | H37: 3.8 | I37: 6.11 | J37: 6.11
C38: 一般会計 | F38: 5.73 | G38: 5.12 | H38: 5.92 | I38: 3.97 | J38: 3.63
C39: 介護保険特別会計 | F39: 1.74 | G39: 1.2 | H39: 1.05 | I39: 0.66 | J39: 0.77
C40: 国民健康保険特別会計 | F40: 0.77 | G40: 0.62 | H40: 0.26 | I40: 0.48 | J40: 0.64
C41: 後期高齢者医療特別会計 | F41: 0.23 | G41: 0.24 | H41: 0.25 | I41: 0.24 | J41: 0.32
C42: その他会計（赤字） | F42: - | G42: - | H42: - | I42: - | J42: -
C43: その他会計（黒字） | F43: 0.01 | G43: 0.01 | H43: 0.03 | I43: 0.04 | J43: 0.02
B44: ※令和5年度中に市町村合併した団体で、合併前の団体ごとの決算に基づく連結実質赤字比率を算出していない団体については、グラフを表記しない。

Sheet 実質公債費比率（分子）の構造
O43: （百万円）
B44: 分子の構造 | J44: 年度 | K44: H30 | L44: R01 | M44: R02 | N44: R03 | O44: R04
B45: 元利償還金等(A) | E45: 元利償還金 | K45: 300 | L45: 314 | M45: 319 | N45: 432 | O45: 307
E46: 減債基金積立不足算定額※2 | K46: - | L46: - | M46: - | N46: - | O46: -
E47: 満期一括償還地方債に係る年度割相当額 | K47: - | L47: - | M47: - | N47: - | O47: -
E48: 公営企業債の元利償還金に対する繰入金 | K48: 16 | L48: 16 | M48: 16 | N48: 16 | O48: 25
E49: 組合等が起こした地方債の元利償還金に対する負担金等 | K49: 52 | L49: 49 | M49: 51 | N49: 53 | O49: 51
E50: 債務負担行為に基づく支出額 | K50: 1 | L50: 1 | M50: 1 | N50: 1 | O50: 1
E51: 一時借入金の利子 | K51: - | L51: - | M51: - | N51: - | O51: -
B52: 算入公債費等(B) | E52: 算入公債費等 | K52: 274 | L52: 286 | M52: 287 | N52: 410 | O52: 291
B53: (A)－(B) | E53: 実質公債費比率の分子 | K53: 95 | L53: 94 | M53: 100 | N53: 92 | O53: 93
B54: ※1 令和5年度中に市町村合併した団体で、合併前の団体ごとの決算に基づく実質公債費比率を算出していない団体については、グラフを表記しない。
B55: ※2 減債基金積立不足算定額=(C)×(１－(D)/(E))
B56: （参考） | O56: （百万円）
J57: 年度 | K57: H30 | L57: R01 | M57: R02 | N57: R03 | O57: R04
B58: 減債基金 積立状況等（注） | D58: 満期一括償還地方債に係る実質償還額又は理論償還額のいずれか少ない額(C)
D59: 前年度末減債基金残高(D)
D60: 前年度末減債基金積立相当額(E)
D61: （注）減債基金のうち、実質公債費比率の算定に用いる満期一括償還地方債の償還の財源に係るもののみを記入。
D62: 減債基金積立金の年度を超えた一般会計又は特別会計への貸付額は控除して記入。

Sheet 将来負担比率（分子）の構造
M39: （百万円）
B40: 分子の構造 | H40: 年度 | I40: H30 | J40: R01 | K40: R02 | L40: R03 | M40: R04
B41: 将来負担額(A) | E41: 一般会計等に係る地方債の現在高 | I41: 3578 | J41: 3443 | K41: 3529 | L41: 3362 | M41: 3185
E42: 債務負担行為に基づく支出予定額 | I42: 4 | J42: 3 | K42: 3 | L42: 2 | M42: 2
E43: 公営企業債等繰入見込額 | I43: 208 | J43: 204 | K43: 239 | L43: 491 | M43: 598
E44: 組合等負担等見込額 | I44: 436 | J44: 423 | K44: 455 | L44: 432 | M44: 394
E45: 退職手当負担見込額 | I45: 1832 | J45: 1772 | K45: 1747 | L45: 1737 | M45: 1742
E46: 設立法人等の負債額等負担見込額 | I46: - | J46: - | K46: - | L46: - | M46: -
E47: うち、健全化法施行規則附則第三条に係る負担見込額 | I47: - | J47: - | K47: - | L47: - | M47: -
E48: 連結実質赤字額 | I48: - | J48: - | K48: - | L48: - | M48: -
E49: 組合等連結実質赤字額負担見込額 | I49: - | J49: - | K49: - | L49: - | M49: -
B50: 充当可能財源等(B) | E50: 充当可能基金 | I50: 3696 | J50: 4161 | K50: 4395 | L50: 5154 | M50: 5728
E51: 充当可能特定歳入 | I51: 306 | J51: 324 | K51: 518 | L51: 17 | M51: 9
E52: 基準財政需要額算入見込額 | I52: 3297 | J52: 3224 | K52: 3260 | L52: 3403 | M52: 3343
B53: (A)－(B) | E53: 将来負担比率の分子 | I53: -1242 | J53: -1865 | K53: -2201 | L53: -2550 | M53: -3159
B54: ※令和5年度中に市町村合併した団体で、合併前の団体ごとの決算に基づく将来負担比率を算出していない団体については、グラフを表記しない。

Sheet 基金残高に係る経年分析
H53: （百万円）
B54: 区分 | E54: 年度 | F54: R02 | G54: R03 | H54: R04
C55: 財政調整基金 | F55: 2030 | G55: 2349 | H55: 2462
C56: 減債基金 | F56: 30 | G56: 91 | H56: 241
C57: その他特定目的基金 | F57: 2099 | G57: 2501 | H57: 2824
C58: 草津よいとこ元気基金 | F58: 1606 | G58: 1939 | H58: 2082
C59: 公共施設整備基金 | F59: 272 | G59: 272 | H59: 452
C60: 社会福祉基金 | F60: 139 | G60: 205 | H60: 206
C61: スポーツ振興基金 | F61: 33 | G61: 33 | H61: 33
C62: 小学校施設整備基金 | F62: 23 | G62: 23 | H62: 23
C63: 基金残高合計 | F63: 4159 | G63: 4941 | H63: 5527

Sheet 公会計指標分析・財政指標組合せ分析表
B41: 将来負担比率及び有形固定資産減価償却率の組合せによる分析
AN42: 分析欄
AN43: 地方債の抑制や充当可能基金の増加により、将来負担比率については平成２８年度から令和４年度まで算定されない良好な結果となっている。一方で、有形固定資産減価償却率については７３．２％と類似団体と比べてみても高い水準となっており、前年度と比べてみると１．７ポイントの悪化となっている。主な要因は学校施設や公営住宅の老朽化によるものであるが、今後については充当可能財源を活用し、公共施設総合管理計画に基づいた老朽化対策に取り組んでいく。
AN49: ( 参考 ）
BP50: H30 | BX50: R01 | CF50: R02 | CN50: R03 | CV50: R04
AN51: 当該団体値 | BB51: 将来負担比率
BB53: 有形固定資産減価償却率 | BP53: 66.9 | BX53: 69.1 | CF53: 70.9 | CN53: 71.5 | CV53: 73.2
AN55: 類似団体内平均値 | BB55: 将来負担比率 | BP55: 7.6 | BX55: 3 | CF55: 3.4 | CN55: 0 | CV55: 0
BB57: 有形固定資産減価償却率 | BP57: 63.4 | BX57: 63.3 | CF57: 62.8 | CN57: 62.6 | CV57: 63
B63: 将来負担比率及び実質公債費比率の組合せによる分析
AN64: 分析欄
AN65: 地方債の抑制や充当可能基金の増加により、将来負担比率については平成２８年度から令和４年度まで算定されない良好な結果となっている。また実質公債費比率についても、類似団体と比較して低い水準にあり、近年は横ばいとなっている。今後は施設の老朽化対策などにより地方債の発行が増えていくことが予想されるため、公債費の適正化が重要な課題となる。
AN71: ( 参考 ）
BP72: H30 | BX72: R01 | CF72: R02 | CN72: R03 | CV72: R04
AN73: 当該団体値 | BB73: 将来負担比率
BB75: 実質公債費比率 | BP75: 3.5 | BX75: 4.3 | CF75: 4.4 | CN75: 4.2 | CV75: 4
AN77: 類似団体内平均値 | BB77: 将来負担比率 | BP77: 7.6 | BX77: 3 | CF77: 3.4 | CN77: 0 | CV77: 0
BB79: 実質公債費比率 | BP79: 8.6 | BX79: 8.8 | CF79: 8.8 | CN79: 8.3 | CV79: 8.1

Sheet 施設類型別ストック情報分析表①

Sheet 施設類型別ストック情報分析表②

Sheet データシート
D2: 当該団体(円) | F2: 類似団体内平均(円)
A3: H30 | D3: 107377 | F3: 121449
D4: 59217 | F4: 62922
A5: R01 | D5: 101290 | F5: 145139
D6: 41029 | F6: 83762
A7: R02 | D7: 118728 | F7: 125391
D8: 36150 | F8: 68516
A9: R03 | D9: 72696 | F9: 138402
D10: 51752 | F10: 70652
A11: R04 | D11: 90927 | F11: 146367
D12: 68507 | F12: 79441
D13: 98204 | F13: 135350
D14: 51331 | F14: 73059
A17: 実質収支比率等に係る経年分析
B18: =実質収支比率等に係る経年分析!F$46 -> H30 | C18: =実質収支比率等に係る経年分析!G$46 -> R01 | D18: =実質収支比率等に係る経年分析!H$46 -> R02 | E18: =実質収支比率等に係る経年分析!I$46 -> R03 | F18: =実質収支比率等に係る経年分析!J$46 -> R04
A19: 実質収支額 | B19: =ROUND(VALUE(SUBSTITUTE(実質収支比率等に係る経年分析!F$48,"▲","-")),2) -> 5.69 | C19: =ROUND(VALUE(SUBSTITUTE(実質収支比率等に係る経年分析!G$48,"▲","-")),2) -> 5.07 | D19: =ROUND(VALUE(SUBSTITUTE(実質収支比率等に係る経年分析!H$48,"▲","-")),2) -> 5.88 | E19: =ROUND(VALUE(SUBSTITUTE(実質収支比率等に係る経年分析!I$48,"▲","-")),2) -> 3.93 | F19: =ROUND(VALUE(SUBSTITUTE(実質収支比率等に係る経年分析!J$48,"▲","-")),2) -> 3.59
A20: 財政調整基金残高 | B20: =ROUND(VALUE(SUBSTITUTE(実質収支比率等に係る経年分析!F$47,"▲","-")),2) -> 74.79 | C20: =ROUND(VALUE(SUBSTITUTE(実質収支比率等に係る経年分析!G$47,"▲","-")),2) -> 79.78 | D20: =ROUND(VALUE(SUBSTITUTE(実質収支比率等に係る経年分析!H$47,"▲","-")),2) -> 81.65 | E20: =ROUND(VALUE(SUBSTITUTE(実質収支比率等に係る経年分析!I$47,"▲","-")),2) -> 86.15 | F20: =ROUND(VALUE(SUBSTITUTE(実質収支比率等に係る経年分析!J$47,"▲","-")),2) -> 93.4
A21: 実質単年度収支 | B21: =IF(ISNUMBER(VALUE(SUBSTITUTE(実質収支比率等に係る経年分析!F$49,"▲","-"))),ROUND(VALUE(SUBSTITUTE(実質収支比率等に係る経年分析!F$49,"▲","-")),2),NA()) -> -2.2 | C21: =IF(ISNUMBER(VALUE(SUBSTITUTE(実質収支比率等に係る経年分析!G$49,"▲","-"))),ROUND(VALUE(SUBSTITUTE(実質収支比率等に係る経年分析!G$49,"▲","-")),2),NA()) -> 1.97 | D21: =IF(ISNUMBER(VALUE(SUBSTITUTE(実質収支比率等に係る経年分析!H$49,"▲","-"))),ROUND(VALUE(SUBSTITUTE(実質収支比率等に係る経年分析!H$49,"▲","-")),2),NA()) -> 4.17 | E21: =IF(ISNUMBER(VALUE(SUBSTITUTE(実質収支比率等に係る経年分析!I$49,"▲","-"))),ROUND(VALUE(SUBSTITUTE(実質収支比率等に係る経年分析!I$49,"▲","-")),2),NA()) -> 7.53 | F21: =IF(ISNUMBER(VALUE(SUBSTITUTE(実質収支比率等に係る経年分析!J$49,"▲","-"))),ROUND(VALUE(SUBSTITUTE(実質収支比率等に係る経年分析!J$49,"▲","-")),2),NA()) -> 1.51
A24: 連結実質赤字比率に係る赤字・黒字の構成分析
B25: =連結実質赤字比率に係る赤字・黒字の構成分析!F$33 -> H30 | D25: =連結実質赤字比率に係る赤字・黒字の構成分析!G$33 -> R01 | F25: =連結実質赤字比率に係る赤字・黒字の構成分析!H$33 -> R02 | H25: =連結実質赤字比率に係る赤字・黒字の構成分析!I$33 -> R03 | J25: =連結実質赤字比率に係る赤字・黒字の構成分析!J$33 -> R04
B26: 赤字額 | C26: 黒字額 | D26: 赤字額 | E26: 黒字額 | F26: 赤字額 | G26: 黒字額 | H26: 赤字額 | I26: 黒字額 | J26: 赤字額 | K26: 黒字額
A27: =IF(連結実質赤字比率に係る赤字・黒字の構成分析!C$43="",NA(),連結実質赤字比率に係る赤字・黒字の構成分析!C$43) -> その他会計（黒字） | B27: =IF(ROUND(VALUE(SUBSTITUTE(連結実質赤字比率に係る赤字・黒字の構成分析!F$43,"▲", "-")), 2) < 0, ABS(ROUND(VALUE(SUBSTITUTE(連結実質赤字比率に係る赤字・黒字の構成分析!F$43,"▲", "-")), 2)), NA()) -> #N/A | C27: =IF(ROUND(VALUE(SUBSTITUTE(連結実質赤字比率に係る赤字・黒字の構成分析!F$43,"▲", "-")), 2) >= 0, ABS(ROUND(VALUE(SUBSTITUTE(連結実質赤字比率に係る赤字・黒字の構成分析!F$43,"▲", "-")), 2)), NA()) -> 0.01 | D27: =IF(ROUND(VALUE(SUBSTITUTE(連結実質赤字比率に係る赤字・黒字の構成分析!G$43,"▲", "-")), 2) < 0, ABS(ROUND(VALUE(SUBSTITUTE(連結実質赤字比率に係る赤字・黒字の構成分析!G$43,"▲", "-")), 2)), NA()) -> #N/A | E27: =IF(ROUND(VALUE(SUBSTITUTE(連結実質赤字比率に係る赤字・黒字の構成分析!G$43,"▲", "-")), 2) >= 0, ABS(ROUND(VALUE(SUBSTITUTE(連結実質赤字比率に係る赤字・黒字の構成分析!G$43,"▲", "-")), 2)), NA()) -> 0.01 | F27: =IF(ROUND(VALUE(SUBSTITUTE(連結実質赤字比率に係る赤字・黒字の構成分析!H$43,"▲", "-")), 2) < 0, ABS(ROUND(VALUE(SUBSTITUTE(連結実質赤字比率に係る赤字・黒字の構成分析!H$43,"▲", "-")), 2)), NA()) -> #N/A | G27: =IF(ROUND(VALUE(SUBSTITUTE(連結実質赤字比率に係る赤字・黒字の構成分析!H$43,"▲", "-")), 2) >= 0, ABS(ROUND(VALUE(SUBSTITUTE(連結実質赤字比率に係る赤字・黒字の構成分析!H$43,"▲", "-")), 2)), NA()) -> 0.03 | H27: =IF(ROUND(VALUE(SUBSTITUTE(連結実質赤字比率に係る赤字・黒字の構成分析!I$43,"▲", "-")), 2) < 0, ABS(ROUND(VALUE(SUBSTITUTE(連結実質赤字比率に係る赤字・黒字の構成分析!I$43,"▲", "-")), 2)), NA()) -> #N/A | I27: =IF(ROUND(VALUE(SUBSTITUTE(連結実質赤字比率に係る赤字・黒字の構成分析!I$43,"▲", "-")), 2) >= 0, ABS(ROUND(VALUE(SUBSTITUTE(連結実質赤字比率に係る赤字・黒字の構成分析!I$43,"▲", "-")), 2)), NA()) -> 0.04 | J27: =IF(ROUND(VALUE(SUBSTITUTE(連結実質赤字比率に係る赤字・黒字の構成分析!J$43,"▲", "-")), 2) < 0, ABS(ROUND(VALUE(SUBSTITUTE(連結実質赤字比率に係る赤字・黒字の構成分析!J$43,"▲", "-")), 2)), NA()) -> #N/A | K27: =IF(ROUND(VALUE(SUBSTITUTE(連結実質赤字比率に係る赤字・黒字の構成分析!J$43,"▲", "-")), 2) >= 0, ABS(ROUND(VALUE(SUBSTITUTE(連結実質赤字比率に係る赤字・黒字の構成分析!J$43,"▲", "-")), 2)), NA()) -> 0.02
A28: =IF(連結実質赤字比率に係る赤字・黒字の構成分析!C$42="",NA(),連結実質赤字比率に係る赤字・黒字の構成分析!C$42) -> その他会計（赤字） | B28: =IF(ROUND(VALUE(SUBSTITUTE(連結実質赤字比率に係る赤字・黒字の構成分析!F$42,"▲", "-")), 2) < 0, ABS(ROUND(VALUE(SUBSTITUTE(連結実質赤字比率に係る赤字・黒字の構成分析!F$42,"▲", "-")), 2)), NA()) -> #VALUE! | C28: =IF(ROUND(VALUE(SUBSTITUTE(連結実質赤字比率に係る赤字・黒字の構成分析!F$42,"▲", "-")), 2) >= 0, ABS(ROUND(VALUE(SUBSTITUTE(連結実質赤字比率に係る赤字・黒字の構成分析!F$42,"▲", "-")), 2)), NA()) -> #VALUE! | D28: =IF(ROUND(VALUE(SUBSTITUTE(連結実質赤字比率に係る赤字・黒字の構成分析!G$42,"▲", "-")), 2) < 0, ABS(ROUND(VALUE(SUBSTITUTE(連結実質赤字比率に係る赤字・黒字の構成分析!G$42,"▲", "-")), 2)), NA()) -> #VALUE! | E28: =IF(ROUND(VALUE(SUBSTITUTE(連結実質赤字比率に係る赤字・黒字の構成分析!G$42,"▲", "-")), 2) >= 0, ABS(ROUND(VALUE(SUBSTITUTE(連結実質赤字比率に係る赤字・黒字の構成分析!G$42,"▲", "-")), 2)), NA()) -> #VALUE! | F28: =IF(ROUND(VALUE(SUBSTITUTE(連結実質赤字比率に係る赤字・黒字の構成分析!H$42,"▲", "-")), 2) < 0, ABS(ROUND(VALUE(SUBSTITUTE(連結実質赤字比率に係る赤字・黒字の構成分析!H$42,"▲", "-")), 2)), NA()) -> #VALUE! | G28: =IF(ROUND(VALUE(SUBSTITUTE(連結実質赤字比率に係る赤字・黒字の構成分析!H$42,"▲", "-")), 2) >= 0, ABS(ROUND(VALUE(SUBSTITUTE(連結実質赤字比率に係る赤字・黒字の構成分析!H$42,"▲", "-")), 2)), NA()) -> #VALUE! | H28: =IF(ROUND(VALUE(SUBSTITUTE(連結実質赤字比率に係る赤字・黒字の構成分析!I$42,"▲", "-")), 2) < 0, ABS(ROUND(VALUE(SUBSTITUTE(連結実質赤字比率に係る赤字・黒字の構成分析!I$42,"▲", "-")), 2)), NA()) -> #VALUE! | I28: =IF(ROUND(VALUE(SUBSTITUTE(連結実質赤字比率に係る赤字・黒字の構成分析!I$42,"▲", "-")), 2) >= 0, ABS(ROUND(VALUE(SUBSTITUTE(連結実質赤字比率に係る赤字・黒字の構成分析!I$42,"▲", "-")), 2)), NA()) -> #VALUE! | J28: =IF(ROUND(VALUE(SUBSTITUTE(連結実質赤字比率に係る赤字・黒字の構成分析!J$42,"▲", "-")), 2) < 0, ABS(ROUND(VALUE(SUBSTITUTE(連結実質赤字比率に係る赤字・黒字の構成分析!J$42,"▲", "-")), 2)), NA()) -> #VALUE! | K28: =IF(ROUND(VALUE(SUBSTITUTE(連結実質赤字比率に係る赤字・黒字の構成分析!J$42,"▲", "-")), 2) >= 0, ABS(ROUND(VALUE(SUBSTITUTE(連結実質赤字比率に係る赤字・黒字の構成分析!J$42,"▲", "-")), 2)), NA()) -> #VALUE!
A29: =IF(連結実質赤字比率に係る赤字・黒字の構成分析!C$41="",NA(),連結実質赤字比率に係る赤字・黒字の構成分析!C$41) -> 後期高齢者医療特別会計 | B29: =IF(ROUND(VALUE(SUBSTITUTE(連結実質赤字比率に係る赤字・黒字の構成分析!F$41,"▲", "-")), 2) < 0, ABS(ROUND(VALUE(SUBSTITUTE(連結実質赤字比率に係る赤字・黒字の構成分析!F$41,"▲", "-")), 2)), NA()) -> #N/A | C29: =IF(ROUND(VALUE(SUBSTITUTE(連結実質赤字比率に係る赤字・黒字の構成分析!F$41,"▲", "-")), 2) >= 0, ABS(ROUND(VALUE(SUBSTITUTE(連結実質赤字比率に係る赤字・黒字の構成分析!F$41,"▲", "-")), 2)), NA()) -> 0.23 | D29: =IF(ROUND(VALUE(SUBSTITUTE(連結実質赤字比率に係る赤字・黒字の構成分析!G$41,"▲", "-")), 2) < 0, ABS(ROUND(VALUE(SUBSTITUTE(連結実質赤字比率に係る赤字・黒字の構成分析!G$41,"▲", "-")), 2)), NA()) -> #N/A | E29: =IF(ROUND(VALUE(SUBSTITUTE(連結実質赤字比率に係る赤字・黒字の構成分析!G$41,"▲", "-")), 2) >= 0, ABS(ROUND(VALUE(SUBSTITUTE(連結実質赤字比率に係る赤字・黒字の構成分析!G$41,"▲", "-")), 2)), NA()) -> 0.24 | F29: =IF(ROUND(VALUE(SUBSTITUTE(連結実質赤字比率に係る赤字・黒字の構成分析!H$41,"▲", "-")), 2) < 0, ABS(ROUND(VALUE(SUBSTITUTE(連結実質赤字比率に係る赤字・黒字の構成分析!H$41,"▲", "-")), 2)), NA()) -> #N/A | G29: =IF(ROUND(VALUE(SUBSTITUTE(連結実質赤字比率に係る赤字・黒字の構成分析!H$41,"▲", "-")), 2) >= 0, ABS(ROUND(VALUE(SUBSTITUTE(連結実質赤字比率に係る赤字・黒字の構成分析!H$41,"▲", "-")), 2)), NA()) -> 0.25 | H29: =IF(ROUND(VALUE(SUBSTITUTE(連結実質赤字比率に係る赤字・黒字の構成分析!I$41,"▲", "-")), 2) < 0, ABS(ROUND(VALUE(SUBSTITUTE(連結実質赤字比率に係る赤字・黒字の構成分析!I$41,"▲", "-")), 2)), NA()) -> #N/A | I29: =IF(ROUND(VALUE(SUBSTITUTE(連結実質赤字比率に係る赤字・黒字の構成分析!I$41,"▲", "-")), 2) >= 0, ABS(ROUND(VALUE(SUBSTITUTE(連結実質赤字比率に係る赤字・黒字の構成分析!I$41,"▲", "-")), 2)), NA()) -> 0.24 | J29: =IF(ROUND(VALUE(SUBSTITUTE(連結実質赤字比率に係る赤字・黒字の構成分析!J$41,"▲", "-")), 2) < 0, ABS(ROUND(VALUE(SUBSTITUTE(連結実質赤字比率に係る赤字・黒字の構成分析!J$41,"▲", "-")), 2)), NA()) -> #N/A | K29: =IF(ROUND(VALUE(SUBSTITUTE(連結実質赤字比率に係る赤字・黒字の構成分析!J$41,"▲", "-")), 2) >= 0, ABS(ROUND(VALUE(SUBSTITUTE(連結実質赤字比率に係る赤字・黒字の構成分析!J$41,"▲", "-")), 2)), NA()) -> 0.32
A30: =IF(連結実質赤字比率に係る赤字・黒字の構成分析!C$40="",NA(),連結実質赤字比率に係る赤字・黒字の構成分析!C$40) -> 国民健康保険特別会計 | B30: =IF(ROUND(VALUE(SUBSTITUTE(連結実質赤字比率に係る赤字・黒字の構成分析!F$40,"▲", "-")), 2) < 0, ABS(ROUND(VALUE(SUBSTITUTE(連結実質赤字比率に係る赤字・黒字の構成分析!F$40,"▲", "-")), 2)), NA()) -> #N/A | C30: =IF(ROUND(VALUE(SUBSTITUTE(連結実質赤字比率に係る赤字・黒字の構成分析!F$40,"▲", "-")), 2) >= 0, ABS(ROUND(VALUE(SUBSTITUTE(連結実質赤字比率に係る赤字・黒字の構成分析!F$40,"▲", "-")), 2)), NA()) -> 0.77 | D30: =IF(ROUND(VALUE(SUBSTITUTE(連結実質赤字比率に係る赤字・黒字の構成分析!G$40,"▲", "-")), 2) < 0, ABS(ROUND(VALUE(SUBSTITUTE(連結実質赤字比率に係る赤字・黒字の構成分析!G$40,"▲", "-")), 2)), NA()) -> #N/A | E30: =IF(ROUND(VALUE(SUBSTITUTE(連結実質赤字比率に係る赤字・黒字の構成分析!G$40,"▲", "-")), 2) >= 0, ABS(ROUND(VALUE(SUBSTITUTE(連結実質赤字比率に係る赤字・黒字の構成分析!G$40,"▲", "-")), 2)), NA()) -> 0.62 | F30: =IF(ROUND(VALUE(SUBSTITUTE(連結実質赤字比率に係る赤字・黒字の構成分析!H$40,"▲", "-")), 2) < 0, ABS(ROUND(VALUE(SUBSTITUTE(連結実質赤字比率に係る赤字・黒字の構成分析!H$40,"▲", "-")), 2)), NA()) -> #N/A | G30: =IF(ROUND(VALUE(SUBSTITUTE(連結実質赤字比率に係る赤字・黒字の構成分析!H$40,"▲", "-")), 2) >= 0, ABS(ROUND(VALUE(SUBSTITUTE(連結実質赤字比率に係る赤字・黒字の構成分析!H$40,"▲", "-")), 2)), NA()) -> 0.26 | H30: =IF(ROUND(VALUE(SUBSTITUTE(連結実質赤字比率に係る赤字・黒字の構成分析!I$40,"▲", "-")), 2) < 0, ABS(ROUND(VALUE(SUBSTITUTE(連結実質赤字比率に係る赤字・黒字の構成分析!I$40,"▲", "-")), 2)), NA()) -> #N/A | I30: =IF(ROUND(VALUE(SUBSTITUTE(連結実質赤字比率に係る赤字・黒字の構成分析!I$40,"▲", "-")), 2) >= 0, ABS(ROUND(VALUE(SUBSTITUTE(連結実質赤字比率に係る赤字・黒字の構成分析!I$40,"▲", "-")), 2)), NA()) -> 0.48 | J30: =IF(ROUND(VALUE(SUBSTITUTE(連結実質赤字比率に係る赤字・黒字の構成分析!J$40,"▲", "-")), 2) < 0, ABS(ROUND(VALUE(SUBSTITUTE(連結実質赤字比率に係る赤字・黒字の構成分析!J$40,"▲", "-")), 2)), NA()) -> #N/A | K30: =IF(ROUND(VALUE(SUBSTITUTE(連結実質赤字比率に係る赤字・黒字の構成分析!J$40,"▲", "-")), 2) >= 0, ABS(ROUND(VALUE(SUBSTITUTE(連結実質赤字比率に係る赤字・黒字の構成分析!J$40,"▲", "-")), 2)), NA()) -> 0.64
A31: =IF(連結実質赤字比率に係る赤字・黒字の構成分析!C$39="",NA(),連結実質赤字比率に係る赤字・黒字の構成分析!C$39) -> 介護保険特別会計 | B31: =IF(ROUND(VALUE(SUBSTITUTE(連結実質赤字比率に係る赤字・黒字の構成分析!F$39,"▲", "-")), 2) < 0, ABS(ROUND(VALUE(SUBSTITUTE(連結実質赤字比率に係る赤字・黒字の構成分析!F$39,"▲", "-")), 2)), NA()) -> #N/A | C31: =IF(ROUND(VALUE(SUBSTITUTE(連結実質赤字比率に係る赤字・黒字の構成分析!F$39,"▲", "-")), 2) >= 0, ABS(ROUND(VALUE(SUBSTITUTE(連結実質赤字比率に係る赤字・黒字の構成分析!F$39,"▲", "-")), 2)), NA()) -> 1.74 | D31: =IF(ROUND(VALUE(SUBSTITUTE(連結実質赤字比率に係る赤字・黒字の構成分析!G$39,"▲", "-")), 2) < 0, ABS(ROUND(VALUE(SUBSTITUTE(連結実質赤字比率に係る赤字・黒字の構成分析!G$39,"▲", "-")), 2)), NA()) -> #N/A | E31: =IF(ROUND(VALUE(SUBSTITUTE(連結実質赤字比率に係る赤字・黒字の構成分析!G$39,"▲", "-")), 2) >= 0, ABS(ROUND(VALUE(SUBSTITUTE(連結実質赤字比率に係る赤字・黒字の構成分析!G$39,"▲", "-")), 2)), NA()) -> 1.2 | F31: =IF(ROUND(VALUE(SUBSTITUTE(連結実質赤字比率に係る赤字・黒字の構成分析!H$39,"▲", "-")), 2) < 0, ABS(ROUND(VALUE(SUBSTITUTE(連結実質赤字比率に係る赤字・黒字の構成分析!H$39,"▲", "-")), 2)), NA()) -> #N/A | G31: =IF(ROUND(VALUE(SUBSTITUTE(連結実質赤字比率に係る赤字・黒字の構成分析!H$39,"▲", "-")), 2) >= 0, ABS(ROUND(VALUE(SUBSTITUTE(連結実質赤字比率に係る赤字・黒字の構成分析!H$39,"▲", "-")), 2)), NA()) -> 1.05 | H31: =IF(ROUND(VALUE(SUBSTITUTE(連結実質赤字比率に係る赤字・黒字の構成分析!I$39,"▲", "-")), 2) < 0, ABS(ROUND(VALUE(SUBSTITUTE(連結実質赤字比率に係る赤字・黒字の構成分析!I$39,"▲", "-")), 2)), NA()) -> #N/A | I31: =IF(ROUND(VALUE(SUBSTITUTE(連結実質赤字比率に係る赤字・黒字の構成分析!I$39,"▲", "-")), 2) >= 0, ABS(ROUND(VALUE(SUBSTITUTE(連結実質赤字比率に係る赤字・黒字の構成分析!I$39,"▲", "-")), 2)), NA()) -> 0.66 | J31: =IF(ROUND(VALUE(SUBSTITUTE(連結実質赤字比率に係る赤字・黒字の構成分析!J$39,"▲", "-")), 2) < 0, ABS(ROUND(VALUE(SUBSTITUTE(連結実質赤字比率に係る赤字・黒字の構成分析!J$39,"▲", "-")), 2)), NA()) -> #N/A | K31: =IF(ROUND(VALUE(SUBSTITUTE(連結実質赤字比率に係る赤字・黒字の構成分析!J$39,"▲", "-")), 2) >= 0, ABS(ROUND(VALUE(SUBSTITUTE(連結実質赤字比率に係る赤字・黒字の構成分析!J$39,"▲", "-")), 2)), NA()) -> 0.77
A32: =IF(連結実質赤字比率に係る赤字・黒字の構成分析!C$38="",NA(),連結実質赤字比率に係る赤字・黒字の構成分析!C$38) -> 一般会計 | B32: =IF(ROUND(VALUE(SUBSTITUTE(連結実質赤字比率に係る赤字・黒字の構成分析!F$38,"▲", "-")), 2) < 0, ABS(ROUND(VALUE(SUBSTITUTE(連結実質赤字比率に係る赤字・黒字の構成分析!F$38,"▲", "-")), 2)), NA()) -> #N/A | C32: =IF(ROUND(VALUE(SUBSTITUTE(連結実質赤字比率に係る赤字・黒字の構成分析!F$38,"▲", "-")), 2) >= 0, ABS(ROUND(VALUE(SUBSTITUTE(連結実質赤字比率に係る赤字・黒字の構成分析!F$38,"▲", "-")), 2)), NA()) -> 5.73 | D32: =IF(ROUND(VALUE(SUBSTITUTE(連結実質赤字比率に係る赤字・黒字の構成分析!G$38,"▲", "-")), 2) < 0, ABS(ROUND(VALUE(SUBSTITUTE(連結実質赤字比率に係る赤字・黒字の構成分析!G$38,"▲", "-")), 2)), NA()) -> #N/A | E32: =IF(ROUND(VALUE(SUBSTITUTE(連結実質赤字比率に係る赤字・黒字の構成分析!G$38,"▲", "-")), 2) >= 0, ABS(ROUND(VALUE(SUBSTITUTE(連結実質赤字比率に係る赤字・黒字の構成分析!G$38,"▲", "-")), 2)), NA()) -> 5.12 | F32: =IF(ROUND(VALUE(SUBSTITUTE(連結実質赤字比率に係る赤字・黒字の構成分析!H$38,"▲", "-")), 2) < 0, ABS(ROUND(VALUE(SUBSTITUTE(連結実質赤字比率に係る赤字・黒字の構成分析!H$38,"▲", "-")), 2)), NA()) -> #N/A | G32: =IF(ROUND(VALUE(SUBSTITUTE(連結実質赤字比率に係る赤字・黒字の構成分析!H$38,"▲", "-")), 2) >= 0, ABS(ROUND(VALUE(SUBSTITUTE(連結実質赤字比率に係る赤字・黒字の構成分析!H$38,"▲", "-")), 2)), NA()) -> 5.92 | H32: =IF(ROUND(VALUE(SUBSTITUTE(連結実質赤字比率に係る赤字・黒字の構成分析!I$38,"▲", "-")), 2) < 0, ABS(ROUND(VALUE(SUBSTITUTE(連結実質赤字比率に係る赤字・黒字の構成分析!I$38,"▲", "-")), 2)), NA()) -> #N/A | I32: =IF(ROUND(VALUE(SUBSTITUTE(連結実質赤字比率に係る赤字・黒字の構成分析!I$38,"▲", "-")), 2) >= 0, ABS(ROUND(VALUE(SUBSTITUTE(連結実質赤字比率に係る赤字・黒字の構成分析!I$38,"▲", "-")), 2)), NA()) -> 3.97 | J32: =IF(ROUND(VALUE(SUBSTITUTE(連結実質赤字比率に係る赤字・黒字の構成分析!J$38,"▲", "-")), 2) < 0, ABS(ROUND(VALUE(SUBSTITUTE(連結実質赤字比率に係る赤字・黒字の構成分析!J$38,"▲", "-")), 2)), NA()) -> #N/A | K32: =IF(ROUND(VALUE(SUBSTITUTE(連結実質赤字比率に係る赤字・黒字の構成分析!J$38,"▲", "-")), 2) >= 0, ABS(ROUND(VALUE(SUBSTITUTE(連結実質赤字比率に係る赤字・黒字の構成分析!J$38,"▲", "-")), 2)), NA()) -> 3.63
A33: =IF(連結実質赤字比率に係る赤字・黒字の構成分析!C$37="",NA(),連結実質赤字比率に係る赤字・黒字の構成分析!C$37) -> 公共下水道事業特別会計 | B33: =IF(ROUND(VALUE(SUBSTITUTE(連結実質赤字比率に係る赤字・黒字の構成分析!F$37,"▲", "-")), 2) < 0, ABS(ROUND(VALUE(SUBSTITUTE(連結実質赤字比率に係る赤字・黒字の構成分析!F$37,"▲", "-")), 2)), NA()) -> #N/A | C33: =IF(ROUND(VALUE(SUBSTITUTE(連結実質赤字比率に係る赤字・黒字の構成分析!F$37,"▲", "-")), 2) >= 0, ABS(ROUND(VALUE(SUBSTITUTE(連結実質赤字比率に係る赤字・黒字の構成分析!F$37,"▲", "-")), 2)), NA()) -> 1.54 | D33: =IF(ROUND(VALUE(SUBSTITUTE(連結実質赤字比率に係る赤字・黒字の構成分析!G$37,"▲", "-")), 2) < 0, ABS(ROUND(VALUE(SUBSTITUTE(連結実質赤字比率に係る赤字・黒字の構成分析!G$37,"▲", "-")), 2)), NA()) -> #N/A | E33: =IF(ROUND(VALUE(SUBSTITUTE(連結実質赤字比率に係る赤字・黒字の構成分析!G$37,"▲", "-")), 2) >= 0, ABS(ROUND(VALUE(SUBSTITUTE(連結実質赤字比率に係る赤字・黒字の構成分析!G$37,"▲", "-")), 2)), NA()) -> 3.23 | F33: =IF(ROUND(VALUE(SUBSTITUTE(連結実質赤字比率に係る赤字・黒字の構成分析!H$37,"▲", "-")), 2) < 0, ABS(ROUND(VALUE(SUBSTITUTE(連結実質赤字比率に係る赤字・黒字の構成分析!H$37,"▲", "-")), 2)), NA()) -> #N/A | G33: =IF(ROUND(VALUE(SUBSTITUTE(連結実質赤字比率に係る赤字・黒字の構成分析!H$37,"▲", "-")), 2) >= 0, ABS(ROUND(VALUE(SUBSTITUTE(連結実質赤字比率に係る赤字・黒字の構成分析!H$37,"▲", "-")), 2)), NA()) -> 3.8 | H33: =IF(ROUND(VALUE(SUBSTITUTE(連結実質赤字比率に係る赤字・黒字の構成分析!I$37,"▲", "-")), 2) < 0, ABS(ROUND(VALUE(SUBSTITUTE(連結実質赤字比率に係る赤字・黒字の構成分析!I$37,"▲", "-")), 2)), NA()) -> #N/A | I33: =IF(ROUND(VALUE(SUBSTITUTE(連結実質赤字比率に係る赤字・黒字の構成分析!I$37,"▲", "-")), 2) >= 0, ABS(ROUND(VALUE(SUBSTITUTE(連結実質赤字比率に係る赤字・黒字の構成分析!I$37,"▲", "-")), 2)), NA()) -> 6.11 | J33: =IF(ROUND(VALUE(SUBSTITUTE(連結実質赤字比率に係る赤字・黒字の構成分析!J$37,"▲", "-")), 2) < 0, ABS(ROUND(VALUE(SUBSTITUTE(連結実質赤字比率に係る赤字・黒字の構成分析!J$37,"▲", "-")), 2)), NA()) -> #N/A | K33: =IF(ROUND(VALUE(SUBSTITUTE(連結実質赤字比率に係る赤字・黒字の構成分析!J$37,"▲", "-")), 2) >= 0, ABS(ROUND(VALUE(SUBSTITUTE(連結実質赤字比率に係る赤字・黒字の構成分析!J$37,"▲", "-")), 2)), NA()) -> 6.11
A34: =IF(連結実質赤字比率に係る赤字・黒字の構成分析!C$36="",NA(),連結実質赤字比率に係る赤字・黒字の構成分析!C$36) -> 水道事業会計 | B34: =IF(ROUND(VALUE(SUBSTITUTE(連結実質赤字比率に係る赤字・黒字の構成分析!F$36,"▲", "-")), 2) < 0, ABS(ROUND(VALUE(SUBSTITUTE(連結実質赤字比率に係る赤字・黒字の構成分析!F$36,"▲", "-")), 2)), NA()) -> #N/A | C34: =IF(ROUND(VALUE(SUBSTITUTE(連結実質赤字比率に係る赤字・黒字の構成分析!F$36,"▲", "-")), 2) >= 0, ABS(ROUND(VALUE(SUBSTITUTE(連結実質赤字比率に係る赤字・黒字の構成分析!F$36,"▲", "-")), 2)), NA()) -> 35.24 | D34: =IF(ROUND(VALUE(SUBSTITUTE(連結実質赤字比率に係る赤字・黒字の構成分析!G$36,"▲", "-")), 2) < 0, ABS(ROUND(VALUE(SUBSTITUTE(連結実質赤字比率に係る赤字・黒字の構成分析!G$36,"▲", "-")), 2)), NA()) -> #N/A | E34: =IF(ROUND(VALUE(SUBSTITUTE(連結実質赤字比率に係る赤字・黒字の構成分析!G$36,"▲", "-")), 2) >= 0, ABS(ROUND(VALUE(SUBSTITUTE(連結実質赤字比率に係る赤字・黒字の構成分析!G$36,"▲", "-")), 2)), NA()) -> 35.56 | F34: =IF(ROUND(VALUE(SUBSTITUTE(連結実質赤字比率に係る赤字・黒字の構成分析!H$36,"▲", "-")), 2) < 0, ABS(ROUND(VALUE(SUBSTITUTE(連結実質赤字比率に係る赤字・黒字の構成分析!H$36,"▲", "-")), 2)), NA()) -> #N/A | G34: =IF(ROUND(VALUE(SUBSTITUTE(連結実質赤字比率に係る赤字・黒字の構成分析!H$36,"▲", "-")), 2) >= 0, ABS(ROUND(VALUE(SUBSTITUTE(連結実質赤字比率に係る赤字・黒字の構成分析!H$36,"▲", "-")), 2)), NA()) -> 31.07 | H34: =IF(ROUND(VALUE(SUBSTITUTE(連結実質赤字比率に係る赤字・黒字の構成分析!I$36,"▲", "-")), 2) < 0, ABS(ROUND(VALUE(SUBSTITUTE(連結実質赤字比率に係る赤字・黒字の構成分析!I$36,"▲", "-")), 2)), NA()) -> #N/A | I34: =IF(ROUND(VALUE(SUBSTITUTE(連結実質赤字比率に係る赤字・黒字の構成分析!I$36,"▲", "-")), 2) >= 0, ABS(ROUND(VALUE(SUBSTITUTE(連結実質赤字比率に係る赤字・黒字の構成分析!I$36,"▲", "-")), 2)), NA()) -> 28.06 | J34: =IF(ROUND(VALUE(SUBSTITUTE(連結実質赤字比率に係る赤字・黒字の構成分析!J$36,"▲", "-")), 2) < 0, ABS(ROUND(VALUE(SUBSTITUTE(連結実質赤字比率に係る赤字・黒字の構成分析!J$36,"▲", "-")), 2)), NA()) -> #N/A | K34: =IF(ROUND(VALUE(SUBSTITUTE(連結実質赤字比率に係る赤字・黒字の構成分析!J$36,"▲", "-")), 2) >= 0, ABS(ROUND(VALUE(SUBSTITUTE(連結実質赤字比率に係る赤字・黒字の構成分析!J$36,"▲", "-")), 2)), NA()) -> 30.43
A35: =IF(連結実質赤字比率に係る赤字・黒字の構成分析!C$35="",NA(),連結実質赤字比率に係る赤字・黒字の構成分析!C$35) -> 千客万来事業会計 | B35: =IF(ROUND(VALUE(SUBSTITUTE(連結実質赤字比率に係る赤字・黒字の構成分析!F$35,"▲", "-")), 2) < 0, ABS(ROUND(VALUE(SUBSTITUTE(連結実質赤字比率に係る赤字・黒字の構成分析!F$35,"▲", "-")), 2)), NA()) -> #N/A | C35: =IF(ROUND(VALUE(SUBSTITUTE(連結実質赤字比率に係る赤字・黒字の構成分析!F$35,"▲", "-")), 2) >= 0, ABS(ROUND(VALUE(SUBSTITUTE(連結実質赤字比率に係る赤字・黒字の構成分析!F$35,"▲", "-")), 2)), NA()) -> 32.91 | D35: =IF(ROUND(VALUE(SUBSTITUTE(連結実質赤字比率に係る赤字・黒字の構成分析!G$35,"▲", "-")), 2) < 0, ABS(ROUND(VALUE(SUBSTITUTE(連結実質赤字比率に係る赤字・黒字の構成分析!G$35,"▲", "-")), 2)), NA()) -> #N/A | E35: =IF(ROUND(VALUE(SUBSTITUTE(連結実質赤字比率に係る赤字・黒字の構成分析!G$35,"▲", "-")), 2) >= 0, ABS(ROUND(VALUE(SUBSTITUTE(連結実質赤字比率に係る赤字・黒字の構成分析!G$35,"▲", "-")), 2)), NA()) -> 39.25 | F35: =IF(ROUND(VALUE(SUBSTITUTE(連結実質赤字比率に係る赤字・黒字の構成分析!H$35,"▲", "-")), 2) < 0, ABS(ROUND(VALUE(SUBSTITUTE(連結実質赤字比率に係る赤字・黒字の構成分析!H$35,"▲", "-")), 2)), NA()) -> #N/A | G35: =IF(ROUND(VALUE(SUBSTITUTE(連結実質赤字比率に係る赤字・黒字の構成分析!H$35,"▲", "-")), 2) >= 0, ABS(ROUND(VALUE(SUBSTITUTE(連結実質赤字比率に係る赤字・黒字の構成分析!H$35,"▲", "-")), 2)), NA()) -> 33.1 | H35: =IF(ROUND(VALUE(SUBSTITUTE(連結実質赤字比率に係る赤字・黒字の構成分析!I$35,"▲", "-")), 2) < 0, ABS(ROUND(VALUE(SUBSTITUTE(連結実質赤字比率に係る赤字・黒字の構成分析!I$35,"▲", "-")), 2)), NA()) -> #N/A | I35: =IF(ROUND(VALUE(SUBSTITUTE(連結実質赤字比率に係る赤字・黒字の構成分析!I$35,"▲", "-")), 2) >= 0, ABS(ROUND(VALUE(SUBSTITUTE(連結実質赤字比率に係る赤字・黒字の構成分析!I$35,"▲", "-")), 2)), NA()) -> 35 | J35: =IF(ROUND(VALUE(SUBSTITUTE(連結実質赤字比率に係る赤字・黒字の構成分析!J$35,"▲", "-")), 2) < 0, ABS(ROUND(VALUE(SUBSTITUTE(連結実質赤字比率に係る赤字・黒字の構成分析!J$35,"▲", "-")), 2)), NA()) -> #N/A | K35: =IF(ROUND(VALUE(SUBSTITUTE(連結実質赤字比率に係る赤字・黒字の構成分析!J$35,"▲", "-")), 2) >= 0, ABS(ROUND(VALUE(SUBSTITUTE(連結実質赤字比率に係る赤字・黒字の構成分析!J$35,"▲", "-")), 2)), NA()) -> 37.01
A36: =IF(連結実質赤字比率に係る赤字・黒字の構成分析!C$34="",NA(),連結実質赤字比率に係る赤字・黒字の構成分析!C$34) -> 温泉温水供給事業会計 | B36: =IF(ROUND(VALUE(SUBSTITUTE(連結実質赤字比率に係る赤字・黒字の構成分析!F$34,"▲", "-")), 2) < 0, ABS(ROUND(VALUE(SUBSTITUTE(連結実質赤字比率に係る赤字・黒字の構成分析!F$34,"▲", "-")), 2)), NA()) -> #N/A | C36: =IF(ROUND(VALUE(SUBSTITUTE(連結実質赤字比率に係る赤字・黒字の構成分析!F$34,"▲", "-")), 2) >= 0, ABS(ROUND(VALUE(SUBSTITUTE(連結実質赤字比率に係る赤字・黒字の構成分析!F$34,"▲", "-")), 2)), NA()) -> 59.97 | D36: =IF(ROUND(VALUE(SUBSTITUTE(連結実質赤字比率に係る赤字・黒字の構成分析!G$34,"▲", "-")), 2) < 0, ABS(ROUND(VALUE(SUBSTITUTE(連結実質赤字比率に係る赤字・黒字の構成分析!G$34,"▲", "-")), 2)), NA()) -> #N/A | E36: =IF(ROUND(VALUE(SUBSTITUTE(連結実質赤字比率に係る赤字・黒字の構成分析!G$34,"▲", "-")), 2) >= 0, ABS(ROUND(VALUE(SUBSTITUTE(連結実質赤字比率に係る赤字・黒字の構成分析!G$34,"▲", "-")), 2)), NA()) -> 71.02 | F36: =IF(ROUND(VALUE(SUBSTITUTE(連結実質赤字比率に係る赤字・黒字の構成分析!H$34,"▲", "-")), 2) < 0, ABS(ROUND(VALUE(SUBSTITUTE(連結実質赤字比率に係る赤字・黒字の構成分析!H$34,"▲", "-")), 2)), NA()) -> #N/A | G36: =IF(ROUND(VALUE(SUBSTITUTE(連結実質赤字比率に係る赤字・黒字の構成分析!H$34,"▲", "-")), 2) >= 0, ABS(ROUND(VALUE(SUBSTITUTE(連結実質赤字比率に係る赤字・黒字の構成分析!H$34,"▲", "-")), 2)), NA()) -> 72.14 | H36: =IF(ROUND(VALUE(SUBSTITUTE(連結実質赤字比率に係る赤字・黒字の構成分析!I$34,"▲", "-")), 2) < 0, ABS(ROUND(VALUE(SUBSTITUTE(連結実質赤字比率に係る赤字・黒字の構成分析!I$34,"▲", "-")), 2)), NA()) -> #N/A | I36: =IF(ROUND(VALUE(SUBSTITUTE(連結実質赤字比率に係る赤字・黒字の構成分析!I$34,"▲", "-")), 2) >= 0, ABS(ROUND(VALUE(SUBSTITUTE(連結実質赤字比率に係る赤字・黒字の構成分析!I$34,"▲", "-")), 2)), NA()) -> 69.55 | J36: =IF(ROUND(VALUE(SUBSTITUTE(連結実質赤字比率に係る赤字・黒字の構成分析!J$34,"▲", "-")), 2) < 0, ABS(ROUND(VALUE(SUBSTITUTE(連結実質赤字比率に係る赤字・黒字の構成分析!J$34,"▲", "-")), 2)), NA()) -> #N/A | K36: =IF(ROUND(VALUE(SUBSTITUTE(連結実質赤字比率に係る赤字・黒字の構成分析!J$34,"▲", "-")), 2) >= 0, ABS(ROUND(VALUE(SUBSTITUTE(連結実質赤字比率に係る赤字・黒字の構成分析!J$34,"▲", "-")), 2)), NA()) -> 65.69
A39: 実質公債費比率（分子）の構造
B40: ='実質公債費比率（分子）の構造'!K$44 -> H30 | E40: ='実質公債費比率（分子）の構造'!L$44 -> R01 | H40: ='実質公債費比率（分子）の構造'!M$44 -> R02 | K40: ='実質公債費比率（分子）の構造'!N$44 -> R03 | N40: ='実質公債費比率（分子）の構造'!O$44 -> R04
B41: 元利償還金等 | D41: 算入公債費等 | E41: 元利償還金等 | G41: 算入公債費等 | H41: 元利償還金等 | J41: 算入公債費等 | K41: 元利償還金等 | M41: 算入公債費等 | N41: 元利償還金等 | P41: 算入公債費等
A42: 算入公債費等 | D42: ='実質公債費比率（分子）の構造'!K$52 -> 274 | G42: ='実質公債費比率（分子）の構造'!L$52 -> 286 | J42: ='実質公債費比率（分子）の構造'!M$52 -> 287 | M42: ='実質公債費比率（分子）の構造'!N$52 -> 410 | P42: ='実質公債費比率（分子）の構造'!O$52 -> 291
A43: 一時借入金の利子 | B43: ='実質公債費比率（分子）の構造'!K$51 -> - | E43: ='実質公債費比率（分子）の構造'!L$51 -> - | H43: ='実質公債費比率（分子）の構造'!M$51 -> - | K43: ='実質公債費比率（分子）の構造'!N$51 -> - | N43: ='実質公債費比率（分子）の構造'!O$51 -> -
A44: 債務負担行為に基づく支出額 | B44: ='実質公債費比率（分子）の構造'!K$50 -> 1 | E44: ='実質公債費比率（分子）の構造'!L$50 -> 1 | H44: ='実質公債費比率（分子）の構造'!M$50 -> 1 | K44: ='実質公債費比率（分子）の構造'!N$50 -> 1 | N44: ='実質公債費比率（分子）の構造'!O$50 -> 1
A45: 組合等が起こした地方債の元利償還金に対する負担金等 | B45: ='実質公債費比率（分子）の構造'!K$49 -> 52 | E45: ='実質公債費比率（分子）の構造'!L$49 -> 49 | H45: ='実質公債費比率（分子）の構造'!M$49 -> 51 | K45: ='実質公債費比率（分子）の構造'!N$49 -> 53 | N45: ='実質公債費比率（分子）の構造'!O$49 -> 51
A46: 公営企業債の元利償還金に対する繰入金 | B46: ='実質公債費比率（分子）の構造'!K$48 -> 16 | E46: ='実質公債費比率（分子）の構造'!L$48 -> 16 | H46: ='実質公債費比率（分子）の構造'!M$48 -> 16 | K46: ='実質公債費比率（分子）の構造'!N$48 -> 16 | N46: ='実質公債費比率（分子）の構造'!O$48 -> 25
A47: 満期一括償還地方債に係る年度割相当額 | B47: ='実質公債費比率（分子）の構造'!K$47 -> - | E47: ='実質公債費比率（分子）の構造'!L$47 -> - | H47: ='実質公債費比率（分子）の構造'!M$47 -> - | K47: ='実質公債費比率（分子）の構造'!N$47 -> - | N47: ='実質公債費比率（分子）の構造'!O$47 -> -
A48: 減債基金積立不足算定額 | B48: ='実質公債費比率（分子）の構造'!K$46 -> - | E48: ='実質公債費比率（分子）の構造'!L$46 -> - | H48: ='実質公債費比率（分子）の構造'!M$46 -> - | K48: ='実質公債費比率（分子）の構造'!N$46 -> - | N48: ='実質公債費比率（分子）の構造'!O$46 -> -
A49: 元利償還金 | B49: ='実質公債費比率（分子）の構造'!K$45 -> 300 | E49: ='実質公債費比率（分子）の構造'!L$45 -> 314 | H49: ='実質公債費比率（分子）の構造'!M$45 -> 319 | K49: ='実質公債費比率（分子）の構造'!N$45 -> 432 | N49: ='実質公債費比率（分子）の構造'!O$45 -> 307
A50: 実質公債費比率の分子 | B50: =NA() -> #N/A | C50: =IF(ISNUMBER('実質公債費比率（分子）の構造'!K$53),'実質公債費比率（分子）の構造'!K$53,NA()) -> 95 | D50: =NA() -> #N/A | E50: =NA() -> #N/A | F50: =IF(ISNUMBER('実質公債費比率（分子）の構造'!L$53),'実質公債費比率（分子）の構造'!L$53,NA()) -> 94 | G50: =NA() -> #N/A | H50: =NA() -> #N/A | I50: =IF(ISNUMBER('実質公債費比率（分子）の構造'!M$53),'実質公債費比率（分子）の構造'!M$53,NA()) -> 100 | J50: =NA() -> #N/A | K50: =NA() -> #N/A | L50: =IF(ISNUMBER('実質公債費比率（分子）の構造'!N$53),'実質公債費比率（分子）の構造'!N$53,NA()) -> 92 | M50: =NA() -> #N/A | N50: =NA() -> #N/A | O50: =IF(ISNUMBER('実質公債費比率（分子）の構造'!O$53),'実質公債費比率（分子）の構造'!O$53,NA()) -> 93 | P50: =NA() -> #N/A
A53: 将来負担比率（分子）の構造
B54: ='将来負担比率（分子）の構造'!I$40 -> H30 | E54: ='将来負担比率（分子）の構造'!J$40 -> R01 | H54: ='将来負担比率（分子）の構造'!K$40 -> R02 | K54: ='将来負担比率（分子）の構造'!L$40 -> R03 | N54: ='将来負担比率（分子）の構造'!M$40 -> R04
B55: 将来負担額 | D55: 充当可能財源等 | E55: 将来負担額 | G55: 充当可能財源等 | H55: 将来負担額 | J55: 充当可能財源等 | K55: 将来負担額 | M55: 充当可能財源等 | N55: 将来負担額 | P55: 充当可能財源等
A56: 基準財政需要額算入見込額 | D56: ='将来負担比率（分子）の構造'!I$52 -> 3297 | G56: ='将来負担比率（分子）の構造'!J$52 -> 3224 | J56: ='将来負担比率（分子）の構造'!K$52 -> 3260 | M56: ='将来負担比率（分子）の構造'!L$52 -> 3403 | P56: ='将来負担比率（分子）の構造'!M$52 -> 3343
A57: 充当可能特定歳入 | D57: ='将来負担比率（分子）の構造'!I$51 -> 306 | G57: ='将来負担比率（分子）の構造'!J$51 -> 324 | J57: ='将来負担比率（分子）の構造'!K$51 -> 518 | M57: ='将来負担比率（分子）の構造'!L$51 -> 17 | P57: ='将来負担比率（分子）の構造'!M$51 -> 9
A58: 充当可能基金 | D58: ='将来負担比率（分子）の構造'!I$50 -> 3696 | G58: ='将来負担比率（分子）の構造'!J$50 -> 4161 | J58: ='将来負担比率（分子）の構造'!K$50 -> 4395 | M58: ='将来負担比率（分子）の構造'!L$50 -> 5154 | P58: ='将来負担比率（分子）の構造'!M$50 -> 5728
A59: 組合等連結実質赤字額負担見込額 | B59: ='将来負担比率（分子）の構造'!I$49 -> - | E59: ='将来負担比率（分子）の構造'!J$49 -> - | H59: ='将来負担比率（分子）の構造'!K$49 -> - | K59: ='将来負担比率（分子）の構造'!L$49 -> - | N59: ='将来負担比率（分子）の構造'!M$49 -> -
A60: 連結実質赤字額 | B60: ='将来負担比率（分子）の構造'!I$48 -> - | E60: ='将来負担比率（分子）の構造'!J$48 -> - | H60: ='将来負担比率（分子）の構造'!K$48 -> - | K60: ='将来負担比率（分子）の構造'!L$48 -> - | N60: ='将来負担比率（分子）の構造'!M$48 -> -
A61: 設立法人等の負債額等負担見込額 | B61: ='将来負担比率（分子）の構造'!I$46 -> - | E61: ='将来負担比率（分子）の構造'!J$46 -> - | H61: ='将来負担比率（分子）の構造'!K$46 -> - | K61: ='将来負担比率（分子）の構造'!L$46 -> - | N61: ='将来負担比率（分子）の構造'!M$46 -> -
A62: 退職手当負担見込額 | B62: ='将来負担比率（分子）の構造'!I$45 -> 1832 | E62: ='将来負担比率（分子）の構造'!J$45 -> 1772 | H62: ='将来負担比率（分子）の構造'!K$45 -> 1747 | K62: ='将来負担比率（分子）の構造'!L$45 -> 1737 | N62: ='将来負担比率（分子）の構造'!M$45 -> 1742
A63: 組合等負担等見込額 | B63: ='将来負担比率（分子）の構造'!I$44 -> 436 | E63: ='将来負担比率（分子）の構造'!J$44 -> 423 | H63: ='将来負担比率（分子）の構造'!K$44 -> 455 | K63: ='将来負担比率（分子）の構造'!L$44 -> 432 | N63: ='将来負担比率（分子）の構造'!M$44 -> 394
A64: 公営企業債等繰入見込額 | B64: ='将来負担比率（分子）の構造'!I$43 -> 208 | E64: ='将来負担比率（分子）の構造'!J$43 -> 204 | H64: ='将来負担比率（分子）の構造'!K$43 -> 239 | K64: ='将来負担比率（分子）の構造'!L$43 -> 491 | N64: ='将来負担比率（分子）の構造'!M$43 -> 598
A65: 債務負担行為に基づく支出予定額 | B65: ='将来負担比率（分子）の構造'!I$42 -> 4 | E65: ='将来負担比率（分子）の構造'!J$42 -> 3 | H65: ='将来負担比率（分子）の構造'!K$42 -> 3 | K65: ='将来負担比率（分子）の構造'!L$42 -> 2 | N65: ='将来負担比率（分子）の構造'!M$42 -> 2
A66: 一般会計等に係る地方債の現在高 | B66: ='将来負担比率（分子）の構造'!I$41 -> 3578 | E66: ='将来負担比率（分子）の構造'!J$41 -> 3443 | H66: ='将来負担比率（分子）の構造'!K$41 -> 3529 | K66: ='将来負担比率（分子）の構造'!L$41 -> 3362 | N66: ='将来負担比率（分子）の構造'!M$41 -> 3185
A67: 将来負担比率の分子 | B67: =NA() -> #N/A | C67: =IF(ISNUMBER('将来負担比率（分子）の構造'!I$53), IF('将来負担比率（分子）の構造'!I$53 < 0, 0, '将来負担比率（分子）の構造'!I$53), NA()) -> 0 | D67: =NA() -> #N/A | E67: =NA() -> #N/A | F67: =IF(ISNUMBER('将来負担比率（分子）の構造'!J$53), IF('将来負担比率（分子）の構造'!J$53 < 0, 0, '将来負担比率（分子）の構造'!J$53), NA()) -> 0 | G67: =NA() -> #N/A | H67: =NA() -> #N/A | I67: =IF(ISNUMBER('将来負担比率（分子）の構造'!K$53), IF('将来負担比率（分子）の構造'!K$53 < 0, 0, '将来負担比率（分子）の構造'!K$53), NA()) -> 0 | J67: =NA() -> #N/A | K67: =NA() -> #N/A | L67: =IF(ISNUMBER('将来負担比率（分子）の構造'!L$53), IF('将来負担比率（分子）の構造'!L$53 < 0, 0, '将来負担比率（分子）の構造'!L$53), NA()) -> 0 | M67: =NA() -> #N/A | N67: =NA() -> #N/A | O67: =IF(ISNUMBER('将来負担比率（分子）の構造'!M$53), IF('将来負担比率（分子）の構造'!M$53 < 0, 0, '将来負担比率（分子）の構造'!M$53), NA()) -> 0 | P67: =NA() -> #N/A
A70: 基金残高に係る経年分析
B71: =基金残高に係る経年分析!F54 -> R02 | C71: =基金残高に係る経年分析!G54 -> R03 | D71: =基金残高に係る経年分析!H54 -> R04
A72: 財政調整基金 | B72: =基金残高に係る経年分析!F55 -> 2030 | C72: =基金残高に係る経年分析!G55 -> 2349 | D72: =基金残高に係る経年分析!H55 -> 2462
A73: 減債基金 | B73: =基金残高に係る経年分析!F56 -> 30 | C73: =基金残高に係る経年分析!G56 -> 91 | D73: =基金残高に係る経年分析!H56 -> 241
A74: その他特定目的基金 | B74: =基金残高に係る経年分析!F57 -> 2099 | C74: =基金残高に係る経年分析!G57 -> 2501 | D74: =基金残高に係る経年分析!H57 -> 2824
